 Dungeon Crawl Stone Soup version 0.29.1 (webtiles) character file.

Game seed: 8579888935494451195

535722 qw the Slayer (level 25, -10/187 HPs)
             Began as a Gargoyle Fighter on Sept 13, 2022.
             Was a High Priest of Okawaru.
             Killed from afar by an ancient lich (61 damage)
             ... with a crystal spear
             ... on level 5 of the Realm of Zot.
             The game lasted 00:31:08 (51755 turns).

qw the Slayer (Gargoyle Fighter)                   Turns: 51755, Time: 00:31:08

Health: -10/187    AC: 67    Str: 32    XL:     25   Next: 80%
Magic:  28/30      EV: 12    Int:  7    God:    Okawaru [*****.]
Gold:   2707       SH:  0    Dex:  9    Spells: 24/24 levels left

rFire   + + .      SeeInvis +   J - +9 war axe of Peace {vorpal, rC+ SInv}
rCold   + . .      Faith    .   E - +0 tower shield
rNeg    + + .      Spirit   .   P - +6 crystal plate armour of the Sturgeon {Will+}
rPois   inf        Reflect  +   C - +2 hat "Pumahut" {Slay+2}
rElec   +          Harm     .   s - +0 cloak of Rirygaz {Fly rF+ Regen+}
rCorr   .          Rampage  .   m - +2 pair of gloves
Will    ++...      Rage     3%  l - +2 pair of boots
Stlth   ..........              h - amulet of reflection
HPRegen 1.21/turn               I - ring of the Octopus King {rN+ HP+2 AC+2 EV+2 SH+2}
MPRegen 0.22/turn               c - +4 ring of evasion

@: about to teleport, heroic, finesse-ful, marked, corroded, flying, slightly
contaminated, held
A: sickness immunity, AC +19, big wings, negative energy resistance 1,
electricity resistance, torment resistance 1, petrification resistance, berserk
1, dopey 1, fire resistance 1, subdued magic 1
}: 3/15 runes: decaying, silver, gossamer
a: Renounce Religion, Heroism, Finesse, Duel


You were on level 5 of the Realm of Zot.
You worshipped Okawaru.
Okawaru was extremely pleased with you.
You visited 9 branches of the dungeon, and saw 45 of its levels.
You visited the Abyss 1 time.

You collected 6856 gold pieces.
You spent 4149 gold pieces at shops.


Innate Abilities, Weirdness & Mutations

You are immune to sickness and miasma.
Your stone body is resilient. (AC +19)
You are immune to poison.
Your large and strong wings let you fly.
You resist negative energy. (rN+)
You are resistant to electric shocks. (rElec)
You are resistant to unholy torment.
You are immune to petrification.
You sometimes lose your temper in combat.
You are dopey. (Int -2)
Your flesh is heat resistant. (rF+)
Your spells are a little easier to cast, but a little less powerful.


   Skills:
 - Level 26.6(27) Fighting
 - Level 17.0(22.0) Axes
 - Level 15.0(20.0) Throwing
 - Level 22.0(27) Armour
 + Level 6.0(11.0) Dodging
 - Level 22.0(27) Shields
 - Level 10.3 Invocations


You had 24 spell levels left.
You didn't know any spells.
Your spell library was empty.

Inventory:

Hand Weapons
 J - the +9 war axe of Peace (weapon) {vorpal, rC+ SInv}
   (You bought it in a shop on level 2 of the Orcish Mines)

   It inflicts extra damage upon your enemies.
   rC:        It protects you from cold.
   SInv:      It lets you see invisible.
 S - the +7 war axe "Jafimp" {antimagic, *Noise Str+8 Int+2}
   (You found it on level 5 of the Vaults)

   It reduces the magical energy of the wielder, and disrupts the spells and
   magical abilities of those it strikes.
   Natural abilities and divine invocations are not affected.
   Str:       It affects your strength (+8).
   Int:       It affects your intelligence (+2).
   *Noise:    It may make noises in combat.
Missiles
 v - 9 javelins (quivered)
Armour
 l - a +2 pair of boots (worn)
 m - a +2 pair of gloves (worn)
 s - the +0 cloak of Rirygaz (worn) {Fly rF+ Regen+}
   (Okawaru gifted it to you on level 2 of the Spider Nest)

   rF:        It protects you from fire.
   Fly:       It grants you flight.
   Regen:     It increases your rate of health regeneration.
 x - +0 acid dragon scales
 C - the +2 hat "Pumahut" (worn) {Slay+2}
   (Okawaru gifted it to you on level 2 of the Lair of Beasts)

   Slay:      It affects your accuracy & damage with ranged weapons and melee
   (+2).
 E - a +0 tower shield (worn)
 H - the +3 ring mail of Shadows and Fog {rC- rCorr Int+3}
   (Okawaru gifted it to you on level 3 of the Swamp)

   Int:       It affects your intelligence (+3).
   rC:        It makes you vulnerable to cold.
   rCorr:     It protects you from acid and corrosion.
 P - the +6 crystal plate armour of the Sturgeon (worn) {Will+}
   (Okawaru gifted it to you on level 1 of the Depths)

   Will:      It increases your willpower.
 R - +0 gold dragon scales
Jewellery
 c - a +4 ring of evasion (right hand)
 h - an amulet of reflection (around neck)
 r - a ring of resist corrosion
 t - a ring of protection from fire
 D - a ring of protection from cold
 F - the ring of Foakhosk {Fly rCorr}
   (You found it on level 15 of the Dungeon)

   [ring of resist corrosion]

   Fly:       It grants you flight.
   rCorr:     It protects you from acid and corrosion.
 I - a ring of the Octopus King (left hand) {rN+ HP+2 AC+2 EV+2 SH+2}
   (You found it on level 15 of the Dungeon)

   [ring of positive energy]

   AC:        It affects your AC (+2).
   EV:        It affects your evasion (+2).
   rN:        It protects you from negative energy.
   HP:        It affects your health (+2).
   SH:        It affects your SH (+2).
 O - a ring of protection from cold
 Q - a ring of protection from fire
Scrolls
 e - 3 scrolls of enchant armour
 f - 12 scrolls of blinking
 i - 6 scrolls of teleportation
 k - 10 scrolls of fog
 p - 27 scrolls of identify
 w - 4 scrolls of brand weapon
 A - 2 scrolls of enchant weapon
Potions
 a - a potion of cancellation
 d - 17 potions of might
 g - 12 potions of attraction
 j - 34 potions of curing
 q - 15 potions of haste
 u - 9 potions of mutation
 B - 7 potions of lignification
 G - 5 potions of magic
 N - 2 potions of heal wounds

Dungeon Overview and Level Annotations

Branches:
Dungeon (15/15)            Temple (1/1) D:4            Lair (5/5) D:11
  Swamp (4/4) Lair:2       Spider (4/4) Lair:3        Slime (0/5) Lair:5
    Orc (2/2) D:10            Elf (0/3) Orc:2        Vaults (5/5) D:13
  Crypt (0/3) Vaults:2     Depths (4/4) D:15            Zot (5/5) Depths:4

Altars:
Ashenzari
Cheibriados
Dithmenos
Elyvilon
Fedhas
Gozag
Hepliaklqana
Kikubaaqudgha
Makhleb
Nemelex Xobeh
Okawaru
Qazlal
Ru
Sif Muna
Trog
Uskayaw
Vehumet
Wu Jian
Xom
Yredelemnul
Zin
The Shining One
Jiyva

Shops:
D:8 ([   D:9 *   D:15 ?(?   Orc:2 !(:*(   Zot:2 *   Depths:1 :??(

Portals:
Hell: Depths:1 Depths:2 Depths:3 Depths:4
Abyss: Depths:3
Pandemonium: Depths:2 Depths:3 Depths:4
Ziggurat: Depths:2

Annotations:
D:6 3 runed translucent doors, qw's ghost, novice MiBe
D:15 2 transporters
Lair:2 1 runed translucent door, qw's ghost, journeyman MiBe
Lair:5 1 runed translucent door
Depths:3 2 runed translucent doors
Zot:1 2 transporters
Zot:2 3 runed translucent doors, Muataran's ghost, veteran MiMo


Message History

You hit the orb of fire but do no damage.
The orb of fire is almost destroyed.
The Orb Guardian drops a net on you.
You become entangled in the net!
The fenstrider witch picks up a +8 club of electrocution.
The fenstrider witch wields a +8 club of electrocution.
You hear the crackle of electricity.
You struggle against the net.
The orb of fire glows deep purple.
Strange energies course through your body.
You feel agile. The Orb Guardian hits you!!
The yellow draconian spits acid at you. The glob of acid hits you!!
The acid corrodes you!
A purple draconian shifter comes into view.
It is wielding a +0 long sword.
The ancient lich gestures at you while chanting.
The bolt of acid hits you!!!
The Killer Klown blinks!
51753 ||| READING 7 scrolls of teleportation.
As you read the scroll of teleportation, it crumbles to dust.
You feel strangely unstable.
You feel the Orb delaying your translocation!
The Orb Guardian hits you but does no damage.
The yellow draconian hits you but does no damage.
The Orb Guardian completely misses you.
An Orb Guardian comes into view.
51754 ||| DRINKING 4 potions of heal wounds.
You feel much better.
You hear a loud "Zot"!
The Orb Guardian hits you!!
The yellow draconian hits you but does no damage.
An ancient lich comes into view.
51755 ||| DRINKING 3 potions of heal wounds.
You feel much better. The Orb Guardian closely misses you.
The Orb Guardian hits you!
An Orb Guardian comes into view.
The yellow draconian hits you but does no damage.
The purple draconian shifter gestures wildly while chanting.
The purple draconian shifter blinks!
The ancient lich casts a spell at you. The crystal spear hits you!!!
You die...

###############
###.............####
.................).###
....^...........@*X..##
...........^...XXL....#
^...............H.d...#
...........X....^.....#
......................#
#........X...........¤(L^...0
..............q...(p..#(..DX¤
...^....(.............##.....
.................¤.X..# #.¤.(


You could see an orb of fire, a Killer Klown, 2 ancient liches, a yellow
draconian, a purple draconian shifter, 5 Orb Guardians and a fenstrider witch.

Vanquished Creatures
  2 dread liches (Vaults:5)
  An ancient lich (Zot:5)
  5 orbs of fire
  A juggernaut (Depths:2)
  5 Killer Klowns
  Bai Suzhen (Vaults:2)
  A curse toe (Zot:3)
  3 caustic shrikes (Depths:2)
  16 golden dragons
  Nikola (Swamp:3)
  A pearl dragon (Abyss:3)
  A bone dragon (Zot:4)
  3 doom hounds (Zot:4)
  2 electric golems
  Jorgrun (Spider:3)
  Mlioglotl (Swamp:1)
  13 tentacled monstrosities
  2 liches (Depths:2)
  19 Orb Guardians (Zot:5)
  Asterion (Vaults:1)
  7 titans
  6 death cobs
  Grunn (Zot:4)
  4 quicksilver dragons
  8 sphinxes
  An Executioner (Abyss:3)
  2 tentacled starspawn (Abyss:3)
  Roxanne (Spider:1)
  6 tengu reavers
  7 storm dragons
  An azure jelly (Lair:5)
  Donald (Spider:2)
  A fenstrider witch (Swamp:3)
  11 shadow dragons
  5 draconian monks
  12 frost giants
  13 vault wardens
  6 emperor scorpions
  9 fire giants
  3 orc warlords
  6 draconian scorchers
  3 draconian knights
  Louise (Swamp:1)
  7 draconian shifters
  6 ghost moths
  20 ironbound preservers
  4 draconian stormcallers
  A quicksilver ooze (shapeshifter) (Depths:4)
  A broodmother (Spider:2)
  3 draconian annihilators
  2 spriggan defenders (Depths:3)
  A reaper (Zot:4)
  4 war gargoyles
  10 very ugly things
  6 ironbound thunderhulks
  8 black draconians
  A vampire knight (Depths:4)
  15 stone giants
  8 green draconians
  A putrid mouth (Zot:4)
  6 eleionomae
  8 purple draconians
  3 deep elf annihilators
  9 white draconians
  3 bunyips (Swamp:3)
  7 red draconians
  9 yellow draconians
  6 spark wasps
  Azrael (D:12)
  7 entropy weavers
  A merfolk impaler (Depths:3)
  14 ettins
  A merfolk javelineer (Depths:3)
  2 crystal guardians (Vaults:3)
  11 fire dragons
  Josephine (Spider:1)
  6 deep elf high priests
  3 rakshasas
  A shambling mangrove (Swamp:3)
  15 yaktaur captains
  7 great orbs of eyes
  34 vault guards
  20 hydras
  12 ironbound frosthearts
  2 peacekeepers
  12 ice dragons
  6 spriggan air magi
  2 catoblepae
  A ghost crab (Swamp:1)
  A merfolk avatar (Lair:5)
  8 centaur warriors
  5 boulder beetles
  2 alligators
  A radroach (Spider:4)
  An ogre mage (Vaults:5)
  4 two-headed ogres
  5 tengu warriors
  A death yak (shapeshifter) (Vaults:5)
  8 deep troll shamans
  5 deep troll earth magi
  3 orc high priests
  8 spriggan berserkers
  2 vampire magi
  Urug (Lair:1)
  4 death yaks (Lair:5)
  A thrashing horror (Abyss:3)
  A sun demon (Abyss:3)
  2 fire crabs (shapeshifter) (D:15)
  2 bunyip zombies (Swamp:4)
  4 hell knights
  A fire crab (Swamp:4)
  2 wretched stars (Abyss:3)
  A golden dragon zombie (Vaults:4)
  10 iron trolls
  8 skeletal warriors
  4 pharaoh ants
  A sea snake (Lair:5)
  10 steelbarb worms
  4 glowing orange brains
  5 goliath frogs
  17 orb spiders
  68 deep trolls
  4 spriggan druids
  5 flayed ghosts
  7 bog bodies
  9 wizards
  8 swamp dragons
  A deep elf zephyrmancer (D:15)
  7 lindwurms
  9 harpies
  A harpy (shapeshifter) (D:14)
  12 orc knights
  22 ironbound convokers
  2 phantasmal warriors (Vaults:5)
  A human zombie (Vaults:4)
  2 orc sorcerers
  3 necromancers
  A tengu skeleton (Vaults:2)
  24 wolf spiders
  3 deep elf pyromancers
  28 moths of wrath
  19 ugly things
  3 will-o-the-wisps
  A cyclops (shapeshifter) (Depths:4)
  5 manticores
  7 cyclopes
  5 black mambas
  3 large abominations (Abyss:3)
  7 elephants
  A fire giant skeleton (Vaults:2)
  A frost giant skeleton (Vaults:2)
  5 torpor snails
  2 stone giant skeletons (Vaults:2)
  A smoke demon (Abyss:3)
  2 gargoyles
  12 cane toads
  2 unseen horrors (D:11)
  18 vault sentinels
  A yaktaur (shapeshifter) (D:15)
  A cane toad (shapeshifter) (D:15)
  A kobold demonologist (D:15)
  A yaktaur zombie (Vaults:4)
  6 demonic crawlers
  10 komodo dragons
  29 yaktaurs
  3 rime drakes
  A tormentor (Zot:4)
  3 efreet
  A yaktaur skeleton (Vaults:2)
  5 human skeletons
  2 ancient zymes (Abyss:3)
  2 bunyip simulacra (Swamp:4)
  A hellwing (Abyss:3)
  3 tengu conjurers
  2 hydra zombies (Swamp:4)
  11 tyrant leeches
  12 meliai
  4 polar bears
  A wind drake (Lair:5)
  7 trolls
  24 hornets
  A merfolk (shapeshifter) (Vaults:5)
  25 tarantellas
  A raiju (shapeshifter) (Vaults:5)
  A slime creature (shapeshifter) (Vaults:2)
  41 slime creatures
  3 raiju (Abyss:3)
  19 blink frogs
  A snapping turtle (Lair:5)
  11 dream sheep (Lair:5)
  A culicivora (shapeshifter) (D:15)
  15 spriggans
  34 jumping spiders
  A shadow (D:11)
  An ettin skeleton (Vaults:2)
  21 culicivoras
  10 water elementals
  12 wyverns
  39 yaks
  7 wraiths
  A fire elemental (D:12)
  A vampire (D:12)
  2 basilisks
  A neqoxec (Abyss:3)
  55 redbacks
  3 steam dragons
  A yaktaur simulacrum (Vaults:4)
  4 small abominations (Abyss:3)
  A chaos spawn (Abyss:3)
  18 swamp worms
  15 vampire mosquitoes
  6 wargs (Orc:1)
  Duvessa (D:6)
  2 acid dragons (D:12)
  11 water moccasins
  4 floating eyes
  3 hell hounds (D:12)
  7 swamp drakes
  An ice beast (D:7)
  42 orc warriors
  A glowing shapeshifter skeleton (Vaults:2)
  2 sky beasts
  6 black bears
  5 ogres
  21 wolves
  6 boggarts
  A tengu (shapeshifter) (Vaults:5)
  16 centaurs
  2 phantoms (D:5)
  6 kobold brigands
  A necrophage (D:7)
  12 bullfrogs
  2 gnoll sergeants
  3 scorpions
  12 wights
  Dowan (D:6)
  12 killer bees
  A swamp dragon simulacrum (Swamp:4)
  4 howler monkeys
  8 electric eels
  2 quasits
  3 lava snakes (Lair:2)
  3 jellies (Lair:5)
  12 orc priests
  A gnoll bouda (D:9)
  2 hounds
  4 iguanas
  15 orc wizards
  18 gnolls
  9 adders
  3 shadow imps
  A white imp (D:6)
  5 ufetubi
  A worm (D:4)
  2 dart slugs
  112 orcs
  8 ball pythons
  4 endoplasms
  7 giant cockroaches
  7 goblins
  7 hobgoblins
  6 jackals
  34 kobolds
  A quokka (D:1)
  5 bats
  A frilled lizard (D:1)
  5 rats
  A starspawn tentacle (Abyss:3)
1901 creatures vanquished.

Vanquished Creatures (others)
  A vampire knight (Depths:2)
  A red draconian (Zot:3)
  A spriggan (Swamp:3)
  3 swamp dragons (Swamp:4)
  A wizard (D:15)
  A hornet (Swamp:3)
  A steam dragon (Swamp:4)
  A swamp worm (Swamp:3)
  4 swamp drakes (Swamp:4)
  A gnoll (Orc:2)
  17 demonic plants
  14 foxfires
  18 fungi
  56 plants
  A starspawn tentacle (Abyss:3)
121 creatures vanquished.

Grand Total: 2022 creatures vanquished

Notes
Turn   | Place    | Note
-------+----------+-------------------------------------------
     0 | D:1      | qw the Gargoyle Fighter began the quest for the Orb.
     0 | D:1      | Reached XP level 1. HP: 14/14 MP: 1/1
     0 | D:1      | 0 ||| qw: Version: 0.1-a-119-g272c26d
     0 | D:1      | 0 ||| qw: Game counter: 11134
     0 | D:1      | 0 ||| qw: Always use a shield: true
     0 | D:1      | 0 ||| qw: God list: Okawaru
     0 | D:1      | 0 ||| qw: Allow faded altars: false
     0 | D:1      | 0 ||| qw: Do Orc after D:15 true
     0 | D:1      | 0 ||| qw: Do second Lair branch before Depths: true
     0 | D:1      | 0 ||| qw: Lair rune preference: random
     0 | D:1      | 0 ||| qw: Plans: Normal, Zot, God:TSO, Crypt, Tomb, Pan,
                  | Slime, Hells, Zig, Abyss, Orb
     0 | D:1      | 0 ||| PLANNING D:1-11
   131 | D:1      | Found a faded altar of an unknown god.
   142 | D:1      | Reached XP level 2. HP: 19/19 MP: 2/2
   152 | D:1      | 152 ||| Stepping ~*~*~tactically~*~*~ (stealth).
   626 | D:1      | Reached skill level 3 in Axes
   627 | D:1      | Reached XP level 3. HP: 10/23 MP: 3/3
  1014 | D:1      | 1014 ||| Stepping ~*~*~tactically~*~*~ (stealth).
  1028 | D:1      | 1028 ||| Stepping ~*~*~tactically~*~*~ (stealth).
  1099 | D:1      | 1099 ||| UPGRADING to +0 kite shield.
  1109 | D:1      | 1109 ||| DROPPING +0 buckler.
  1110 | D:1      | 1110 ||| UPGRADING to +0 pair of boots.
  1115 | D:1      | 1115 ||| DROPPING amulet of magic regeneration.
  1116 | D:1      | 1116 ||| READING scroll labelled DOASHA MEPRU.
  1117 | D:1      | 1117 ||| READING scroll labelled IRAQELU HUZOETZ.
  1118 | D:1      | 1118 ||| READING scroll labelled INOTAU YHOALE.
  1119 | D:1      | 1119 ||| READING scroll labelled UTTONT ADOPOT.
  1120 | D:1      | 1120 ||| READING scroll labelled CESUYS HICECU.
  1121 | D:1      | 1121 ||| DRINKING 3 bubbling dark potions.
  1240 | D:2      | 1240 ||| Stepping ~*~*~tactically~*~*~ (stealth).
  1259 | D:2      | 1259 ||| DROPPING +0 club.
  1391 | D:2      | Identified the +1 robe of the Ditch-Digger {Rampage Stlth+}
  1399 | D:2      | Found an ancient bone altar of Kikubaaqudgha.
  1502 | D:2      | Reached XP level 4. HP: 28/28 MP: 4/4
  1757 | D:2      | 1757 ||| READING 2 scrolls labelled ESTREA ODAZIB.
  1760 | D:2      | 1760 ||| READING scroll labelled BATODI MASEJEE.
  1761 | D:2      | 1761 ||| READING scroll labelled ITEGGO JUUDOT.
  1762 | D:2      | 1762 ||| READING scroll labelled NUMOVE NATUABA.
  1858 | D:3      | Found a shimmering altar of Xom.
  1947 | D:3      | 1947 ||| Stepping ~*~*~tactically~*~*~ (stealth).
  2016 | D:3      | 2016 ||| Stepping ~*~*~tactically~*~*~ (hiding).
  2342 | D:3      | 2342 ||| READING scroll of enchant weapon.
  2342 | D:3      | 2342 ||| ENCHANTING +1 war axe.
  2392 | D:3      | Reached XP level 5. HP: 32/32 MP: 5/5
  2710 | D:3      | 2710 ||| UPGRADING to +4 ring of protection.
  2711 | D:3      | 2711 ||| READING scroll labelled GAEKHAESEONK.
  2732 | D:4      | 2732 ||| STAIRDANCE
  2741 | D:4      | Found a staircase to the Ecumenical Temple.
  2742 | D:4      | 2742 ||| PLANNING TEMPLE
  2750 | Temple   | Entered the Ecumenical Temple
  2804 | Temple   | 2804 ||| PLANNING D:1-11
  2931 | D:4      | 2931 ||| Stepping ~*~*~tactically~*~*~ (stealth).
  2936 | D:4      | 2936 ||| SWAPPING to +0 antimagic war axe.
  2937 | D:4      | 2937 ||| DROPPING +2 war axe.
  3109 | D:4      | Reached XP level 6. HP: 37/37 MP: 2/6
  3282 | D:4      | 3282 ||| DRINKING 2 inky potions.
  3283 | D:4      | 3283 ||| DROPPING potion of brilliance.
  3302 | D:5      | Entered Level 5 of the Dungeon
  3324 | D:5      | Found a radiant altar of Vehumet.
  3327 | D:5      | 3327 ||| READING scroll of enchant armour.
  3327 | D:5      | 3327 ||| ENCHANTING +0 pair of boots.
  3379 | D:5      | 3379 ||| Stepping ~*~*~tactically~*~*~ (stealth).
  3651 | D:5      | Noticed a black bear
  3668 | D:5      | Killed a black bear
  3669 | D:5      | Reached skill level 4 in Fighting
  3847 | D:5      | Found an ornate altar of the Wu Jian Council.
  3861 | D:5      | 3861 ||| Stepping ~*~*~tactically~*~*~ (stealth).
  3872 | D:5      | Reached XP level 7. HP: 43/43 MP: 2/7
  3892 | D:5      | Reached skill level 1 in Dodging
  4019 | D:5      | Found a hazy altar of Hepliaklqana.
  4139 | D:5      | HP: 10/43 [ogre/+0 giant club (5)]
  4140 | D:5      | 4140 ||| READING scroll of teleportation.
  4499 | D:5      | Reached skill level 6 in Axes
  4561 | D:5      | Reached skill level 6 in Shields
  4637 | D:5      | Reached XP level 8. HP: 48/48 MP: 2/8
  4752 | D:5      | 4752 ||| READING scroll labelled DEEM SU NUTUHU.
  4753 | D:5      | 4753 ||| DRINKING 3 blue potions.
  4754 | D:5      | 4754 ||| DRINKING 2 smoky sapphire potions.
  4794 | D:6      | 4794 ||| Stepping ~*~*~tactically~*~*~ (hiding).
  4864 | D:6      | 4864 ||| Stepping ~*~*~tactically~*~*~ (stealth).
  4866 | D:6      | Found a blossoming altar of Fedhas.
  4867 | D:6      | 4867 ||| Stepping ~*~*~tactically~*~*~ (hiding).
  5164 | D:6      | Noticed Dowan
  5175 | D:6      | Killed Dowan
  5188 | D:6      | Noticed Duvessa
  5202 | D:6      | Killed Duvessa
  5203 | D:6      | Reached skill level 5 in Fighting
  5205 | D:6      | HP: 12/49 [kobold brigand/+0 dagger (5)]
  5206 | D:6      | 5206 ||| DRINKING potion of heal wounds.
  5247 | D:6      | 5247 ||| FLEEEEING.
  5248 | D:6      | 5248 ||| FLEEEEING.
  5563 | D:6      | 5563 ||| Stepping ~*~*~tactically~*~*~ (hiding).
  5853 | D:6      | 5853 ||| Stepping ~*~*~tactically~*~*~ (stealth).
  5860 | D:6      | 5860 ||| Stepping ~*~*~tactically~*~*~ (stealth).
  5874 | D:6      | 5874 ||| Stepping ~*~*~tactically~*~*~ (stealth).
  5887 | D:6      | 5887 ||| Stepping ~*~*~tactically~*~*~ (stealth).
  6166 | D:6      | Found a runed translucent gate.
  6170 | D:6      | 6170 ||| DROPPING +0 whip.
  6202 | D:6      | Reached XP level 9. HP: 54/54 MP: 3/9
  6223 | D:6      | Found a runed translucent gate.
  6223 | D:6      | Noticed qw's ghost (novice MiBe)
  6224 | D:6      | Found a runed translucent gate.
  6339 | D:6      | Found a hide-covered altar of Uskayaw.
  6547 | D:6      | 6547 ||| UPGRADING to +0 swamp dragon scales.
  6557 | D:6      | 6557 ||| DROPPING +0 scale mail.
  6558 | D:6      | 6558 ||| UPGRADING to +4 ring of evasion.
  6559 | D:6      | 6559 ||| DRINKING 2 lumpy puce potions.
  6560 | D:6      | 6560 ||| DROPPING potion of degeneration.
  6638 | D:7      | Reached skill level 6 in Fighting
  6687 | D:7      | HP: 4/55 [wight/+2 battleaxe of venom (11)]
  6982 | D:7      | 6982 ||| SWAPPING to +4 war axe.
  6983 | D:7      | 6983 ||| DROPPING +0 antimagic war axe.
  7046 | D:7      | Found an iron altar of Okawaru.
  7072 | D:7      | Identified the +6 falchion "Noinas" {venom, *Noise rF+ rC+
                  | Int+2}
  7146 | D:7      | 7146 ||| Stepping ~*~*~tactically~*~*~ (hiding).
  7147 | D:7      | 7147 ||| Stepping ~*~*~tactically~*~*~ (hiding).
  7152 | D:7      | 7152 ||| Stepping ~*~*~tactically~*~*~ (stealth).
  7160 | D:7      | 7160 ||| DRINKING 9 potions of curing.
  7160 | D:7      | 7160 ||| (to cure confusion)
  7293 | D:7      | 7293 ||| Stepping ~*~*~tactically~*~*~ (hiding).
  7315 | D:7      | Reached skill level 9 in Axes
  7961 | D:7      | 7961 ||| UPGRADING to +0 chain mail.
  7971 | D:7      | 7971 ||| DROPPING +0 swamp dragon scales.
  7972 | D:7      | 7972 ||| UPGRADING to +0 helmet.
  7977 | D:7      | 7977 ||| READING scroll labelled ETETWA MEUTH.
  8092 | D:7      | Became a worshipper of Warmaster Okawaru
  8133 | D:8      | Found Jianoal's Armour Emporium.
  8134 | D:8      | 8134 ||| PLANNING OSSUARY
  8138 | D:8      | 8138 ||| BUYING scarf of repulsion (168 gold).
  8138 | D:8      | Bought a scarf of repulsion for 168 gold pieces
  8321 | D:8      | 8321 ||| Stepping ~*~*~tactically~*~*~ (stealth).
  8322 | D:8      | 8322 ||| Stepping ~*~*~tactically~*~*~ (stealth).
  8324 | D:8      | 8324 ||| Stepping ~*~*~tactically~*~*~ (stealth).
  8325 | D:8      | 8325 ||| Stepping ~*~*~tactically~*~*~ (stealth).
  8341 | D:8      | 8341 ||| Stepping ~*~*~tactically~*~*~ (hiding).
  8370 | D:8      | 8370 ||| FLEEEEING.
  8392 | D:8      | 8392 ||| FLEEEEING.
  8393 | D:8      | 8393 ||| FLEEEEING.
  8394 | D:8      | 8394 ||| FLEEEEING.
  8395 | D:8      | 8395 ||| FLEEEEING.
  8396 | D:8      | 8396 ||| FLEEEEING.
  8397 | D:8      | 8397 ||| FLEEEEING.
  8398 | D:8      | 8398 ||| FLEEEEING.
  8400 | D:8      | 8400 ||| FLEEEEING.
  8401 | D:8      | 8401 ||| FLEEEEING.
  8403 | D:8      | 8403 ||| FLEEEEING.
  8404 | D:8      | 8404 ||| FLEEEEING.
  8405 | D:8      | 8405 ||| FLEEEEING.
  8406 | D:8      | 8406 ||| FLEEEEING.
  8407 | D:8      | 8407 ||| STAIRDANCE
  8481 | D:7      | 8481 ||| UPGRADING to scarf of repulsion.
  8507 | D:8      | Reached skill level 7 in Fighting
  8507 | D:8      | Reached XP level 10. HP: 63/63 MP: 10/10
  8555 | D:8      | 8555 ||| SWAPPING to +1 war axe of electrocution.
  8556 | D:8      | 8556 ||| DROPPING +4 war axe.
  8587 | D:8      | 8587 ||| Stepping ~*~*~tactically~*~*~ (hiding).
  8593 | D:8      | Found a glowing golden altar of the Shining One.
  8597 | D:8      | Reached skill level 1 in Throwing
  8672 | D:8      | 8672 ||| Stepping ~*~*~tactically~*~*~ (stealth).
  8676 | D:8      | 8676 ||| Stepping ~*~*~tactically~*~*~ (stealth).
  8695 | D:8      | Reached * piety under Okawaru
  8702 | D:8      | 8702 ||| Stepping ~*~*~tactically~*~*~ (hiding).
  8826 | D:8      | 8826 ||| Stepping ~*~*~tactically~*~*~ (stealth).
  8828 | D:8      | Identified the +9 plate armour of Elitism {rN++ Int-2}
  8829 | D:8      | 8829 ||| INVOKING Heroism.
  8833 | D:8      | Reached skill level 9 in Shields
  8833 | D:8      | Found Hyrysaac's Antique Weapon Shop.
  8836 | D:8      | Reached skill level 1 in Invocations
  8840 | D:8      | 8840 ||| INVOKING Heroism.
  8856 | D:8      | 8856 ||| INVOKING Heroism.
  8860 | D:8      | 8860 ||| RIP OSSUARY
  8861 | D:8      | 8861 ||| PLANNING D:1-11
  8872 | D:8      | 8872 ||| INVOKING Heroism.
  8916 | D:8      | HP: 10/63 [orc warrior/+0 halberd (12)]
  8917 | D:8      | 8917 ||| READING 2 scrolls of teleportation.
  9196 | D:8      | 9196 ||| SWAPPING to +0 broad axe.
  9197 | D:8      | 9197 ||| DROPPING +1 war axe of electrocution.
  9240 | D:8      | 9240 ||| Stepping ~*~*~tactically~*~*~ (stealth).
  9242 | D:8      | 9242 ||| Stepping ~*~*~tactically~*~*~ (stealth).
  9244 | D:8      | 9244 ||| Stepping ~*~*~tactically~*~*~ (stealth).
  9582 | D:8      | 9582 ||| BUYING morningstar (92 gold).
  9582 | D:8      | Bought a morningstar for 92 gold pieces
  9582 | D:8      | 9582 ||| BUYING scorched flail (195 gold).
  9582 | D:8      | Bought a scorched flail for 195 gold pieces
  9582 | D:8      | Identified the +7 flail of the Moon {elec, rC+ rN++ SInv}
                  | (You bought it in a shop on level 8 of the Dungeon)
  9582 | D:8      | 9582 ||| DROPPING +0 flail.
  9583 | D:8      | 9583 ||| UPGRADING to +0 plate armour.
  9593 | D:8      | 9593 ||| DROPPING +0 chain mail.
  9594 | D:8      | 9594 ||| DRINKING 2 coppery potions.
  9595 | D:8      | 9595 ||| DROPPING potion of flight.
  9633 | D:8      | 9633 ||| INVOKING Heroism.
  9654 | D:8      | 9654 ||| INVOKING Heroism.
  9674 | D:8      | 9674 ||| INVOKING Heroism.
  9674 | D:8      | HP: 10/63 [orc warrior/+0 halberd (9)]
  9675 | D:8      | 9675 ||| READING scroll of teleportation.
  9979 | D:9      | Noticed a two-headed ogre
  9980 | D:9      | 9980 ||| INVOKING Heroism.
  9987 | D:9      | Killed a two-headed ogre
  9988 | D:9      | Reached skill level 6 in Armour
  9988 | D:9      | Reached skill level 3 in Invocations
 10082 | D:9      | 10082 ||| INVOKING Heroism.
 10143 | D:9      | 10143 ||| INVOKING Heroism.
 10146 | D:9      | 10146 ||| Stepping ~*~*~tactically~*~*~ (hiding).
 10149 | D:9      | 10149 ||| Stepping ~*~*~tactically~*~*~ (hiding).
 10157 | D:9      | 10157 ||| INVOKING Heroism.
 10223 | D:9      | 10223 ||| Stepping ~*~*~tactically~*~*~ (stealth).
 10225 | D:9      | 10225 ||| INVOKING Heroism.
 10226 | D:9      | 10226 ||| Stepping ~*~*~tactically~*~*~ (stealth).
 10299 | D:9      | 10299 ||| INVOKING Heroism.
 10436 | D:9      | 10436 ||| INVOKING Heroism.
 10467 | D:9      | 10467 ||| FLEEEEING.
 10529 | D:9      | 10529 ||| READING scroll of enchant weapon.
 10529 | D:9      | 10529 ||| ENCHANTING +0 broad axe.
 10536 | D:9      | 10536 ||| Stepping ~*~*~tactically~*~*~ (hiding).
 10539 | D:9      | 10539 ||| Stepping ~*~*~tactically~*~*~ (stealth).
 10570 | D:9      | 10570 ||| Stepping ~*~*~tactically~*~*~ (hiding).
 10576 | D:9      | Reached skill level 8 in Fighting
 10696 | D:9      | Found Ruilyo's Assorted Antiques.
 10705 | D:9      | 10705 ||| SHOPLISTING pair of embroidered gloves (225 gold,
                  | have 190).
 10705 | D:9      | 10705 ||| BUYING potion of attraction (90 gold).
 10705 | D:9      | Bought a potion of attraction for 90 gold pieces
 10705 | D:9      | 10705 ||| BUYING scroll of identify (60 gold).
 10705 | D:9      | Bought a scroll of identify for 60 gold pieces
 10889 | D:9      | 10889 ||| Stepping ~*~*~tactically~*~*~ (hiding).
 10924 | D:9      | 10924 ||| INVOKING Heroism.
 10935 | D:9      | 10935 ||| Stepping ~*~*~tactically~*~*~ (hiding).
 10958 | D:9      | 10958 ||| INVOKING Heroism.
 10961 | D:9      | Reached XP level 11. HP: 68/68 MP: 11/14
 10977 | D:9      | 10977 ||| Stepping ~*~*~tactically~*~*~ (stealth).
 11120 | D:9      | 11120 ||| UPGRADING to +0 pair of gloves.
 11125 | D:9      | 11125 ||| UPGRADING to amulet of regeneration.
 11130 | D:9      | 11130 ||| READING 2 scrolls of identify.
 11130 | D:9      | 11130 ||| IDENTIFYING purple potion
 11131 | D:9      | 11131 ||| DROPPING potion of berserk rage.
 11134 | D:10     | Entered Level 10 of the Dungeon
 11135 | D:10     | 11135 ||| Stepping ~*~*~tactically~*~*~ (hiding).
 11139 | D:10     | 11139 ||| INVOKING Heroism.
 11170 | D:10     | 11170 ||| INVOKING Heroism.
 11182 | D:10     | 11182 ||| INVOKING Heroism.
 11216 | D:10     | 11216 ||| INVOKING Heroism.
 11252 | D:10     | Reached ** piety under Okawaru
 11306 | D:10     | Noticed a four-headed hydra
 11307 | D:10     | 11307 ||| INVOKING Heroism.
 11309 | D:10     | 11309 ||| SWAPPING to +7 flail of the Moon {elec, rC+ rN++
                  | SInv}.
 11318 | D:10     | Killed a four-headed hydra
 11319 | D:10     | 11319 ||| SWAPPING to +1 broad axe.
 11363 | D:10     | Found a staircase to the Orcish Mines.
 11581 | D:10     | 11581 ||| Stepping ~*~*~tactically~*~*~ (hiding).
 11810 | D:11     | Noticed a two-headed ogre
 11811 | D:11     | 11811 ||| INVOKING Heroism.
 11819 | D:11     | Killed a two-headed ogre
 11820 | D:11     | 11820 ||| STAIRDANCE
 11956 | D:11     | Reached *** piety under Okawaru
 12041 | D:11     | Noticed a green ugly thing
 12058 | D:11     | Killed a green ugly thing
 12087 | D:11     | Found a snail-covered altar of Cheibriados.
 12142 | D:11     | Noticed a two-headed ogre
 12143 | D:11     | 12143 ||| INVOKING Heroism.
 12149 | D:11     | Killed a two-headed ogre
 12178 | D:11     | 12178 ||| FLEEEEING.
 12179 | D:11     | 12179 ||| FLEEEEING.
 12180 | D:11     | 12180 ||| FLEEEEING.
 12185 | D:11     | 12185 ||| FLEEEEING.
 12186 | D:11     | 12186 ||| FLEEEEING.
 12200 | D:11     | 12200 ||| Stepping ~*~*~tactically~*~*~ (stealth).
 12201 | D:11     | 12201 ||| Stepping ~*~*~tactically~*~*~ (stealth).
 12203 | D:11     | 12203 ||| Stepping ~*~*~tactically~*~*~ (stealth).
 12217 | D:11     | Found a staircase to the Lair.
 12218 | D:11     | 12218 ||| INVOKING Heroism.
 12220 | D:11     | 12220 ||| Stepping ~*~*~tactically~*~*~ (stealth).
 12242 | D:11     | 12242 ||| INVOKING Heroism.
 12255 | D:11     | 12255 ||| INVOKING Heroism.
 12276 | D:11     | Reached skill level 9 in Fighting
 12278 | D:11     | 12278 ||| INVOKING Heroism.
 12291 | D:11     | Received a gift from Okawaru
 12294 | D:11     | 12294 ||| INVOKING Heroism.
 12384 | D:11     | 12384 ||| INVOKING Heroism.
 12398 | D:11     | Reached **** piety under Okawaru
 12402 | D:11     | Reached XP level 12. HP: 76/76 MP: 15/15
 12588 | D:11     | 12588 ||| PLANNING LAIR
 12588 | D:11     | 12588 ||| READING 3 scrolls of identify.
 12588 | D:11     | 12588 ||| IDENTIFYING silvery potion
 12589 | D:11     | 12589 ||| READING 2 scrolls of identify.
 12589 | D:11     | 12589 ||| IDENTIFYING puce potion
 12590 | D:11     | 12590 ||| DROPPING potion of ambrosia.
 12619 | Lair:1   | Entered Level 1 of the Lair of Beasts
 12619 | Lair:1   | Noticed a catoblepas
 12620 | Lair:1   | 12620 ||| INVOKING Heroism.
 12635 | Lair:1   | Killed a catoblepas
 12636 | Lair:1   | Reached skill level 3 in Throwing
 12704 | Lair:1   | 12704 ||| READING scroll of enchant weapon.
 12704 | Lair:1   | 12704 ||| ENCHANTING +1 broad axe.
 12823 | Lair:1   | 12823 ||| Stepping ~*~*~tactically~*~*~ (stealth).
 12825 | Lair:1   | 12825 ||| Stepping ~*~*~tactically~*~*~ (stealth).
 12826 | Lair:1   | 12826 ||| Stepping ~*~*~tactically~*~*~ (stealth).
 12828 | Lair:1   | 12828 ||| Stepping ~*~*~tactically~*~*~ (stealth).
 12832 | Lair:1   | 12832 ||| INVOKING Heroism.
 12840 | Lair:1   | Reached skill level 6 in Invocations
 12946 | Lair:1   | Noticed Urug
 12948 | Lair:1   | 12948 ||| INVOKING Heroism.
 12957 | Lair:1   | Killed Urug
 12957 | Lair:1   | Reached ***** piety under Okawaru
 12958 | Lair:1   | Reached skill level 12 in Axes
 13041 | Lair:1   | 13041 ||| Stepping ~*~*~tactically~*~*~ (stealth).
 13059 | Lair:1   | 13059 ||| Stepping ~*~*~tactically~*~*~ (stealth).
 13100 | Lair:1   | Found the +9 sword of Zonguldrok {reap}
 13425 | Lair:1   | 13425 ||| READING 3 scrolls of identify.
 13425 | Lair:1   | 13425 ||| IDENTIFYING lumpy cyan potion
 13447 | Lair:2   | 13447 ||| INVOKING Heroism.
 13476 | Lair:2   | Received a gift from Okawaru
 13506 | Lair:2   | Identified the +10 rapier "Beetlebane" {drain, Drain MP+9
                  | Int+4}
 13552 | Lair:2   | Found a staircase to the Swamp.
 13553 | Lair:2   | 13553 ||| INVOKING Heroism.
 13602 | Lair:2   | Reached skill level 9 in Armour
 13660 | Lair:2   | Identified the +1 ring mail of the Armadillo {Rampage
                  | Str+2}
 13991 | Lair:2   | Identified the +2 hat "Pumahut" {Slay+2} (Okawaru gifted it
                  | to you on level 2 of the Lair of Beasts)
 13991 | Lair:2   | Received a gift from Okawaru
 13995 | Lair:2   | 13995 ||| INVOKING Heroism.
 14090 | Lair:2   | 14090 ||| INVOKING Heroism.
 14157 | Lair:2   | Found a runed translucent door.
 14160 | Lair:2   | Found a shimmering altar of Xom.
 14160 | Lair:2   | Noticed qw's ghost (journeyman MiBe)
 14441 | Lair:2   | 14441 ||| INVOKING Heroism.
 14672 | Lair:2   | 14672 ||| UPGRADING to +2 hat "Pumahut" {Slay+2}.
 14682 | Lair:2   | 14682 ||| DROPPING +0 helmet.
 14683 | Lair:2   | 14683 ||| READING scroll labelled BALIPR LER NAA.
 14684 | Lair:2   | 14684 ||| READING 6 scrolls of identify.
 14684 | Lair:2   | 14684 ||| IDENTIFYING murky inky potion
 14850 | Lair:3   | 14850 ||| INVOKING Heroism.
 14906 | Lair:3   | Reached skill level 9 in Invocations
 14909 | Lair:3   | Reached XP level 13. HP: 80/80 MP: 19/19
 14927 | Lair:3   | 14927 ||| INVOKING Heroism.
 14946 | Lair:3   | 14946 ||| DROPPING +3 flail of protection.
 15201 | Lair:3   | Found a hole to the Spider Nest.
 15219 | Lair:3   | Reached skill level 10 in Fighting
 15509 | Lair:3   | 15509 ||| Stepping ~*~*~tactically~*~*~ (stealth).
 15511 | Lair:3   | 15511 ||| INVOKING Heroism.
 15624 | Lair:3   | 15624 ||| READING scroll labelled DUEJUE CUECUG.
 15635 | Lair:4   | 15635 ||| INVOKING Heroism.
 15637 | Lair:4   | 15637 ||| STAIRDANCE
 15696 | Lair:4   | 15696 ||| DROPPING +0 morningstar.
 15720 | Lair:4   | 15720 ||| INVOKING Heroism.
 15786 | Lair:4   | 15786 ||| INVOKING Heroism.
 15787 | Lair:4   | 15787 ||| INVOKING Finesse.
 15792 | Lair:4   | 15792 ||| SWAPPING to +7 flail of the Moon {elec, rC+ rN++
                  | SInv}.
 15800 | Lair:4   | 15800 ||| Stepping ~*~*~tactically~*~*~ (outnumbered).
 15811 | Lair:4   | 15811 ||| SWAPPING to +2 broad axe.
 15966 | Lair:4   | 15966 ||| Stepping ~*~*~tactically~*~*~ (stealth).
 15973 | Lair:4   | 15973 ||| Stepping ~*~*~tactically~*~*~ (stealth).
 15975 | Lair:4   | 15975 ||| INVOKING Heroism.
 16022 | Lair:4   | 16022 ||| Stepping ~*~*~tactically~*~*~ (stealth).
 16220 | Lair:4   | 16220 ||| INVOKING Heroism.
 16276 | Lair:4   | 16276 ||| INVOKING Heroism.
 16290 | Lair:4   | 16290 ||| Stepping ~*~*~tactically~*~*~ (stealth).
 16303 | Lair:4   | Received a gift from Okawaru
 16543 | Lair:4   | 16543 ||| INVOKING Heroism.
 16544 | Lair:4   | 16544 ||| INVOKING Finesse.
 16546 | Lair:4   | 16546 ||| SWAPPING to +7 flail of the Moon {elec, rC+ rN++
                  | SInv}.
 16551 | Lair:4   | 16551 ||| SWAPPING to +2 broad axe.
 16641 | Lair:5   | Entered Level 5 of the Lair of Beasts
 16642 | Lair:5   | 16642 ||| INVOKING Heroism.
 16643 | Lair:5   | 16643 ||| STAIRDANCE
 16657 | Lair:5   | 16657 ||| STAIRDANCE
 16659 | Lair:4   | 16659 ||| SWAPPING to +7 flail of the Moon {elec, rC+ rN++
                  | SInv}.
 16660 | Lair:4   | 16660 ||| INVOKING Finesse.
 16667 | Lair:4   | 16667 ||| SWAPPING to +2 broad axe.
 16704 | Lair:5   | 16704 ||| STAIRDANCE
 16720 | Lair:5   | 16720 ||| INVOKING Heroism.
 16741 | Lair:5   | Received a gift from Okawaru
 16759 | Lair:5   | 16759 ||| Stepping ~*~*~tactically~*~*~ (stealth).
 16777 | Lair:5   | 16777 ||| INVOKING Heroism.
 16829 | Lair:5   | 16829 ||| Stepping ~*~*~tactically~*~*~ (hiding).
 16830 | Lair:5   | 16830 ||| Stepping ~*~*~tactically~*~*~ (hiding).
 16832 | Lair:5   | 16832 ||| Stepping ~*~*~tactically~*~*~ (hiding).
 16834 | Lair:5   | 16834 ||| Stepping ~*~*~tactically~*~*~ (hiding).
 16844 | Lair:5   | Identified the +0 pair of gloves of Dim Light {Int+3}
                  | (Okawaru gifted it to you on level 5 of the Lair of Beasts)
 16844 | Lair:5   | Received a gift from Okawaru
 16845 | Lair:5   | Gained mutation: Your large and strong wings let you fly.
                  | [Gargoyle growth]
 16845 | Lair:5   | Reached XP level 14. HP: 88/88 MP: 21/21
 16851 | Lair:5   | 16851 ||| Stepping ~*~*~tactically~*~*~ (stealth).
 16853 | Lair:5   | 16853 ||| INVOKING Heroism.
 16854 | Lair:5   | 16854 ||| INVOKING Finesse.
 16881 | Lair:5   | Reached skill level 11 in Fighting
 16936 | Lair:5   | 16936 ||| INVOKING Heroism.
 16999 | Lair:5   | 16999 ||| Stepping ~*~*~tactically~*~*~ (stealth).
 17015 | Lair:5   | 17015 ||| Stepping ~*~*~tactically~*~*~ (stealth).
 17016 | Lair:5   | 17016 ||| Stepping ~*~*~tactically~*~*~ (stealth).
 17017 | Lair:5   | 17017 ||| Stepping ~*~*~tactically~*~*~ (hiding).
 17025 | Lair:5   | 17025 ||| INVOKING Heroism.
 17046 | Lair:5   | 17046 ||| Stepping ~*~*~tactically~*~*~ (stealth).
 17048 | Lair:5   | 17048 ||| Stepping ~*~*~tactically~*~*~ (cloud).
 17050 | Lair:5   | 17050 ||| Stepping ~*~*~tactically~*~*~ (stealth).
 17051 | Lair:5   | 17051 ||| Stepping ~*~*~tactically~*~*~ (hiding).
 17052 | Lair:5   | 17052 ||| Stepping ~*~*~tactically~*~*~ (hiding).
 17054 | Lair:5   | 17054 ||| INVOKING Heroism.
 17057 | Lair:5   | 17057 ||| Stepping ~*~*~tactically~*~*~ (stealth).
 17080 | Lair:5   | Reached skill level 12 in Shields
 17095 | Lair:5   | 17095 ||| INVOKING Heroism.
 17096 | Lair:5   | 17096 ||| INVOKING Finesse.
 17156 | Lair:5   | 17156 ||| READING scroll of enchant armour.
 17156 | Lair:5   | 17156 ||| ENCHANTING +0 pair of gloves.
 17184 | Lair:5   | 17184 ||| FLEEEEING.
 17185 | Lair:5   | 17185 ||| FLEEEEING.
 17187 | Lair:5   | 17187 ||| INVOKING Heroism.
 17227 | Lair:5   | Noticed an azure jelly
 17228 | Lair:5   | 17228 ||| Stepping ~*~*~tactically~*~*~ (stealth).
 17230 | Lair:5   | 17230 ||| INVOKING Finesse.
 17231 | Lair:5   | 17231 ||| INVOKING Heroism.
 17244 | Lair:5   | Killed an azure jelly
 17258 | Lair:5   | 17258 ||| Stepping ~*~*~tactically~*~*~ (stealth).
 17260 | Lair:5   | 17260 ||| Stepping ~*~*~tactically~*~*~ (stealth).
 17263 | Lair:5   | 17263 ||| Stepping ~*~*~tactically~*~*~ (stealth).
 17265 | Lair:5   | 17265 ||| Stepping ~*~*~tactically~*~*~ (stealth).
 17267 | Lair:5   | 17267 ||| Stepping ~*~*~tactically~*~*~ (stealth).
 17268 | Lair:5   | 17268 ||| Stepping ~*~*~tactically~*~*~ (stealth).
 17286 | Lair:5   | 17286 ||| Stepping ~*~*~tactically~*~*~ (stealth).
 17390 | Lair:5   | 17390 ||| Stepping ~*~*~tactically~*~*~ (stealth).
 17394 | Lair:5   | 17394 ||| Stepping ~*~*~tactically~*~*~ (stealth).
 17447 | Lair:5   | Found a runed translucent door.
 17447 | Lair:5   | Found a viscous altar of Jiyva.
 17447 | Lair:5   | Noticed an acid blob
 17448 | Lair:5   | Found a staircase to the Slime Pits.
 17448 | Lair:5   | Noticed an acid blob
 17480 | Lair:5   | 17480 ||| PLANNING D
 17480 | Lair:5   | 17480 ||| DROPPING +0 pair of gloves of Dim Light {Int+3}.
 17481 | Lair:5   | 17481 ||| DROPPING ring of see invisible.
 17482 | Lair:5   | 17482 ||| READING scroll labelled CIMNIEDIST.
 17483 | Lair:5   | 17483 ||| READING 6 scrolls of identify.
 17483 | Lair:5   | 17483 ||| IDENTIFYING pink potion
 17484 | Lair:5   | 17484 ||| DROPPING potion of invisibility.
 17642 | D:12     | 17642 ||| INVOKING Heroism.
 17643 | D:12     | 17643 ||| INVOKING Finesse.
 17750 | D:12     | 17750 ||| Stepping ~*~*~tactically~*~*~ (stealth).
 17770 | D:12     | 17770 ||| FLEEEEING.
 17771 | D:12     | 17771 ||| FLEEEEING.
 17773 | D:12     | 17773 ||| FLEEEEING.
 17774 | D:12     | 17774 ||| FLEEEEING.
 17778 | D:12     | 17778 ||| FLEEEEING.
 17779 | D:12     | 17779 ||| FLEEEEING.
 17780 | D:12     | 17780 ||| STAIRDANCE
 17785 | D:12     | 17785 ||| STAIRDANCE
 17847 | D:12     | 17847 ||| READING scroll of enchant armour.
 17847 | D:12     | 17847 ||| ENCHANTING +1 pair of gloves.
 17924 | D:12     | Noticed Azrael
 17925 | D:12     | 17925 ||| INVOKING Heroism.
 17926 | D:12     | 17926 ||| INVOKING Finesse.
 17946 | D:12     | Killed Azrael
 17947 | D:12     | Reached skill level 15 in Axes
 18017 | D:12     | 18017 ||| INVOKING Heroism.
 18018 | D:12     | 18018 ||| INVOKING Finesse.
 18194 | D:12     | 18194 ||| INVOKING Heroism.
 18402 | D:13     | 18402 ||| Stepping ~*~*~tactically~*~*~ (hiding).
 18409 | D:13     | 18409 ||| INVOKING Heroism.
 18446 | D:13     | 18446 ||| Stepping ~*~*~tactically~*~*~ (stealth).
 18483 | D:13     | 18483 ||| Stepping ~*~*~tactically~*~*~ (hiding).
 18591 | D:13     | 18591 ||| Stepping ~*~*~tactically~*~*~ (stealth).
 18908 | D:13     | Reached skill level 12 in Fighting
 18909 | D:13     | 18909 ||| Stepping ~*~*~tactically~*~*~ (hiding).
 18918 | D:13     | 18918 ||| INVOKING Heroism.
 18924 | D:13     | Received a gift from Okawaru
 19032 | D:13     | 19032 ||| Stepping ~*~*~tactically~*~*~ (hiding).
 19036 | D:13     | 19036 ||| Stepping ~*~*~tactically~*~*~ (hiding).
 19037 | D:13     | 19037 ||| Stepping ~*~*~tactically~*~*~ (hiding).
 19052 | D:13     | Found a gate to the Vaults.
 19053 | D:13     | 19053 ||| Stepping ~*~*~tactically~*~*~ (hiding).
 19108 | D:13     | 19108 ||| Stepping ~*~*~tactically~*~*~ (hiding).
 19109 | D:13     | 19109 ||| Stepping ~*~*~tactically~*~*~ (hiding).
 19213 | D:14     | 19213 ||| Stepping ~*~*~tactically~*~*~ (hiding).
 19214 | D:14     | 19214 ||| Stepping ~*~*~tactically~*~*~ (hiding).
 19216 | D:14     | 19216 ||| Stepping ~*~*~tactically~*~*~ (hiding).
 19328 | D:14     | 19328 ||| INVOKING Heroism.
 19329 | D:14     | 19329 ||| INVOKING Finesse.
 19331 | D:14     | 19331 ||| SWAPPING to +7 flail of the Moon {elec, rC+ rN++
                  | SInv}.
 19337 | D:14     | Reached XP level 15. HP: 96/96 MP: 15/22
 19337 | D:14     | 19337 ||| SWAPPING to +2 broad axe.
 19480 | D:14     | Found a stormy altar of Qazlal.
 19662 | D:14     | 19662 ||| INVOKING Heroism.
 19663 | D:14     | 19663 ||| INVOKING Finesse.
 19665 | D:14     | 19665 ||| SWAPPING to +7 flail of the Moon {elec, rC+ rN++
                  | SInv}.
 19671 | D:14     | 19671 ||| SWAPPING to +2 broad axe.
 19785 | D:14     | 19785 ||| Stepping ~*~*~tactically~*~*~ (stealth).
 19787 | D:14     | 19787 ||| Stepping ~*~*~tactically~*~*~ (stealth).
 19789 | D:14     | 19789 ||| INVOKING Heroism.
 19860 | D:14     | 19860 ||| INVOKING Heroism.
 20149 | D:14     | 20149 ||| DROPPING +1 helmet.
 20159 | D:15     | Entered Level 15 of the Dungeon
 20193 | D:15     | Paralysed by a floating eye for 3 turns
 20213 | D:15     | Found Agaexza's Magic Scroll Shop.
 20236 | D:15     | 20236 ||| BUYING 2 scrolls of enchant armour (240 gold).
 20236 | D:15     | Bought 2 scrolls of enchant armour for 240 gold pieces
 20236 | D:15     | 20236 ||| BUYING scroll of brand weapon (152 gold).
 20236 | D:15     | Bought a scroll of brand weapon for 152 gold pieces
 20236 | D:15     | 20236 ||| BUYING scroll of enchant weapon (120 gold).
 20236 | D:15     | Bought a scroll of enchant weapon for 120 gold pieces
 20236 | D:15     | 20236 ||| BUYING scroll of identify (32 gold).
 20236 | D:15     | Bought a scroll of identify for 32 gold pieces
 20236 | D:15     | 20236 ||| READING 2 scrolls of enchant armour.
 20236 | D:15     | 20236 ||| ENCHANTING +1 pair of boots.
 20237 | D:15     | 20237 ||| READING scroll of enchant armour.
 20237 | D:15     | 20237 ||| ENCHANTING +0 plate armour.
 20238 | D:15     | 20238 ||| READING scroll of brand weapon.
 20238 | D:15     | 20238 ||| BRANDING +2 broad axe.
 20239 | D:15     | 20239 ||| READING scroll of enchant weapon.
 20239 | D:15     | 20239 ||| ENCHANTING +2 broad axe of venom.
 20242 | D:15     | 20242 ||| READING scroll of enchant armour.
 20242 | D:15     | 20242 ||| ENCHANTING +1 plate armour.
 20273 | D:15     | 20273 ||| INVOKING Heroism.
 20274 | D:15     | 20274 ||| SWAPPING to +7 flail of the Moon {elec, rC+ rN++
                  | SInv}.
 20275 | D:15     | 20275 ||| INVOKING Finesse.
 20277 | D:15     | 20277 ||| Stepping ~*~*~tactically~*~*~ (outnumbered).
 20281 | D:15     | 20281 ||| SWAPPING to +3 broad axe of venom.
 20293 | D:15     | Received a gift from Okawaru
 20341 | D:15     | 20341 ||| Stepping ~*~*~tactically~*~*~ (hiding).
 20346 | D:15     | 20346 ||| INVOKING Heroism.
 20369 | D:15     | Identified the ring of Foakhosk {Fly rCorr}
 20377 | D:15     | 20377 ||| Stepping ~*~*~tactically~*~*~ (hiding).
 20436 | D:15     | 20436 ||| Stepping ~*~*~tactically~*~*~ (hiding).
 20446 | D:15     | 20446 ||| INVOKING Heroism.
 20502 | D:15     | Found Jojaow's Magic Scroll Boutique.
 20516 | D:15     | 20516 ||| BUYING scroll of enchant weapon (112 gold).
 20516 | D:15     | Bought a scroll of enchant weapon for 112 gold pieces
 20516 | D:15     | 20516 ||| BUYING scroll of identify (30 gold).
 20516 | D:15     | Bought a scroll of identify for 30 gold pieces
 20516 | D:15     | 20516 ||| READING scroll of enchant weapon.
 20516 | D:15     | 20516 ||| ENCHANTING +3 broad axe of venom.
 20533 | D:15     | 20533 ||| INVOKING Heroism.
 20579 | D:15     | Reached skill level 3 in Dodging
 20608 | D:15     | 20608 ||| INVOKING Heroism.
 20665 | D:15     | 20665 ||| INVOKING Heroism.
 20666 | D:15     | 20666 ||| INVOKING Finesse.
 20676 | D:15     | Identified the +0 robe of Uvvaen {Stlth+} (Okawaru gifted
                  | it to you on level 15 of the Dungeon)
 20676 | D:15     | Received a gift from Okawaru
 20721 | D:15     | 20721 ||| Stepping ~*~*~tactically~*~*~ (hiding).
 20751 | D:15     | 20751 ||| READING scroll of enchant armour.
 20751 | D:15     | 20751 ||| ENCHANTING +2 plate armour.
 20762 | D:15     | 20762 ||| INVOKING Heroism.
 20802 | D:15     | Found a staircase to the Depths.
 20803 | D:15     | 20803 ||| INVOKING Heroism.
 20804 | D:15     | 20804 ||| INVOKING Finesse.
 20853 | D:15     | 20853 ||| INVOKING Heroism.
 20854 | D:15     | 20854 ||| INVOKING Finesse.
 20916 | D:15     | Found a transporter.
 20917 | D:15     | 20917 ||| Stepping ~*~*~tactically~*~*~ (hiding).
 21082 | D:15     | 21082 ||| INVOKING Heroism.
 21083 | D:15     | 21083 ||| INVOKING Finesse.
 21135 | D:15     | 21135 ||| Stepping ~*~*~tactically~*~*~ (stealth).
 21137 | D:15     | 21137 ||| Stepping ~*~*~tactically~*~*~ (hiding).
 21146 | D:15     | 21146 ||| INVOKING Heroism.
 21147 | D:15     | 21147 ||| INVOKING Finesse.
 21156 | D:15     | 21156 ||| SWAPPING to +7 flail of the Moon {elec, rC+ rN++
                  | SInv}.
 21162 | D:15     | 21162 ||| SWAPPING to +4 broad axe of venom.
 21193 | D:15     | 21193 ||| Stepping ~*~*~tactically~*~*~ (hiding).
 21208 | D:15     | 21208 ||| READING scroll of enchant armour.
 21208 | D:15     | 21208 ||| ENCHANTING +3 plate armour.
 21216 | D:15     | Found a transporter.
 21225 | D:15     | 21225 ||| INVOKING Heroism.
 21226 | D:15     | 21226 ||| SWAPPING to +7 flail of the Moon {elec, rC+ rN++
                  | SInv}.
 21227 | D:15     | 21227 ||| INVOKING Finesse.
 21232 | D:15     | 21232 ||| SWAPPING to +4 broad axe of venom.
 21284 | D:15     | 21284 ||| INVOKING Heroism.
 21287 | Abyss:3  | Cast into level 3 of the Abyss (a wizard)
 21292 | Abyss:3  | 21292 ||| Stepping ~*~*~tactically~*~*~ (stealth).
 21297 | Abyss:3  | 21297 ||| Stepping ~*~*~tactically~*~*~ (stealth).
 21298 | Abyss:3  | 21298 ||| INVOKING Finesse.
 21370 | Abyss:3  | Found a runed translucent gate.
 21377 | Abyss:3  | 21377 ||| Stepping ~*~*~tactically~*~*~ (hiding).
 21398 | Abyss:3  | 21398 ||| Stepping ~*~*~tactically~*~*~ (stealth).
 21399 | Abyss:3  | 21399 ||| Stepping ~*~*~tactically~*~*~ (stealth).
 21403 | Abyss:3  | Noticed a pearl dragon
 21423 | Abyss:3  | Noticed a tentacled starspawn
 21423 | Abyss:3  | 21423 ||| Stepping ~*~*~tactically~*~*~ (stealth).
 21431 | Abyss:3  | Killed a tentacled starspawn
 21432 | Abyss:3  | Reached XP level 16. HP: 96/101 MP: 23/23
 21561 | Abyss:3  | 21561 ||| INVOKING Heroism.
 21565 | Abyss:3  | HP: 24/101 [pearl dragon/blast of cleansing flame (19)]
 21566 | Abyss:3  | 21566 ||| READING 7 scrolls of teleportation.
 21571 | Abyss:3  | HP: 19/101 [pearl dragon (4)]
 21574 | Abyss:3  | Killed a pearl dragon
 21680 | Abyss:3  | 21680 ||| Stepping ~*~*~tactically~*~*~ (stealth).
 21687 | Abyss:3  | 21687 ||| Stepping ~*~*~tactically~*~*~ (hiding).
 21689 | Abyss:3  | 21689 ||| INVOKING Heroism.
 21691 | Abyss:3  | 21691 ||| Stepping ~*~*~tactically~*~*~ (hiding).
 21692 | Abyss:3  | 21692 ||| Stepping ~*~*~tactically~*~*~ (hiding).
 21714 | Abyss:3  | 21714 ||| Stepping ~*~*~tactically~*~*~ (stealth).
 21715 | Abyss:3  | 21715 ||| Stepping ~*~*~tactically~*~*~ (stealth).
 21727 | Abyss:3  | Noticed a tentacled starspawn
 21729 | Abyss:3  | 21729 ||| INVOKING Heroism.
 21735 | Abyss:3  | Killed a tentacled starspawn
 21736 | Abyss:3  | Reached skill level 13 in Fighting
 21818 | Abyss:3  | 21818 ||| Stepping ~*~*~tactically~*~*~ (stealth).
 21831 | Abyss:3  | 21831 ||| Stepping ~*~*~tactically~*~*~ (stealth).
 21835 | Abyss:3  | Noticed an Executioner
 21836 | Abyss:3  | 21836 ||| Stepping ~*~*~tactically~*~*~ (stealth).
 21837 | Abyss:3  | 21837 ||| Stepping ~*~*~tactically~*~*~ (stealth).
 21839 | Abyss:3  | 21839 ||| Stepping ~*~*~tactically~*~*~ (stealth).
 21841 | Abyss:3  | 21841 ||| INVOKING Heroism.
 21852 | Abyss:3  | Killed an Executioner
 21864 | D:15     | Escaped the Abyss
 21873 | D:15     | 21873 ||| Stepping ~*~*~tactically~*~*~ (hiding).
 21879 | D:15     | 21879 ||| INVOKING Heroism.
 21924 | D:15     | Found the ring of the Octopus King
 21925 | D:15     | 21925 ||| Stepping ~*~*~tactically~*~*~ (hiding).
 21932 | D:15     | Reached skill level 12 in Armour
 21946 | D:15     | Identified a ring of the Octopus King {rN+ HP+2 AC+2 EV+2
                  | SH+2}
 21994 | D:15     | Found Sedeh's Antique Weapon Boutique.
 22026 | D:15     | 22026 ||| INVOKING Heroism.
 22028 | D:15     | 22028 ||| INVOKING Finesse.
 22096 | D:15     | 22096 ||| INVOKING Heroism.
 22112 | D:15     | Identified the ring of Osus {Fly Str+2}
 22123 | D:15     | 22123 ||| PLANNING ORC
 22123 | D:15     | 22123 ||| UPGRADING to +0 tower shield.
 22133 | D:15     | 22133 ||| DROPPING +0 kite shield.
 22134 | D:15     | 22134 ||| DROPPING +2 helmet.
 22135 | D:15     | 22135 ||| DROPPING ring of willpower.
 22136 | D:15     | 22136 ||| UPGRADING to ring of the Octopus King {rN+ HP+2
                  | AC+2 EV+2 SH+2}.
 22139 | D:15     | 22139 ||| DROPPING ring of Osus {Fly Str+2}.
 22140 | D:15     | 22140 ||| DROPPING +4 ring of protection.
 22141 | D:15     | 22141 ||| DRINKING 2 metallic sapphire potions.
 22228 | Orc:1    | Entered Level 1 of the Orcish Mines
 22232 | Orc:1    | 22232 ||| Stepping ~*~*~tactically~*~*~ (stealth).
 22233 | Orc:1    | 22233 ||| Stepping ~*~*~tactically~*~*~ (stealth).
 22260 | Orc:1    | 22260 ||| INVOKING Heroism.
 22275 | Orc:1    | 22275 ||| Stepping ~*~*~tactically~*~*~ (stealth).
 22410 | Orc:1    | 22410 ||| INVOKING Heroism.
 22411 | Orc:1    | 22411 ||| Stepping ~*~*~tactically~*~*~ (hiding).
 22412 | Orc:1    | 22412 ||| Stepping ~*~*~tactically~*~*~ (hiding).
 22426 | Orc:1    | 22426 ||| INVOKING Finesse.
 22650 | Orc:2    | Entered Level 2 of the Orcish Mines
 22654 | Orc:2    | 22654 ||| STAIRDANCE
 22662 | Orc:2    | 22662 ||| STAIRDANCE
 22668 | Orc:2    | 22668 ||| STAIRDANCE
 22681 | Orc:2    | 22681 ||| STAIRDANCE
 22686 | Orc:2    | 22686 ||| STAIRDANCE
 22693 | Orc:2    | 22693 ||| STAIRDANCE
 22710 | Orc:2    | 22710 ||| STAIRDANCE
 22717 | Orc:2    | 22717 ||| STAIRDANCE
 22719 | Orc:1    | 22719 ||| INVOKING Heroism.
 22753 | Orc:2    | Found a staircase to the Elven Halls.
 22753 | Orc:2    | Paralysed by an orc sorcerer for 2 turns
 22816 | Orc:2    | 22816 ||| Stepping ~*~*~tactically~*~*~ (hiding).
 22818 | Orc:2    | 22818 ||| INVOKING Heroism.
 22821 | Orc:2    | 22821 ||| Stepping ~*~*~tactically~*~*~ (hiding).
 22856 | Orc:2    | 22856 ||| Stepping ~*~*~tactically~*~*~ (hiding).
 22857 | Orc:2    | 22857 ||| Stepping ~*~*~tactically~*~*~ (hiding).
 22889 | Orc:2    | Received a gift from Okawaru
 22893 | Orc:2    | 22893 ||| INVOKING Heroism.
 22949 | Orc:2    | 22949 ||| FLEEEEING.
 22950 | Orc:2    | 22950 ||| FLEEEEING.
 22951 | Orc:2    | 22951 ||| FLEEEEING.
 22952 | Orc:2    | 22952 ||| FLEEEEING.
 22953 | Orc:2    | 22953 ||| FLEEEEING.
 22954 | Orc:2    | 22954 ||| FLEEEEING.
 22955 | Orc:2    | 22955 ||| FLEEEEING.
 22956 | Orc:2    | 22956 ||| FLEEEEING.
 22957 | Orc:2    | 22957 ||| FLEEEEING.
 22958 | Orc:2    | 22958 ||| FLEEEEING.
 22959 | Orc:2    | 22959 ||| FLEEEEING.
 22960 | Orc:2    | 22960 ||| FLEEEEING.
 22961 | Orc:2    | 22961 ||| FLEEEEING.
 22962 | Orc:2    | 22962 ||| FLEEEEING.
 22963 | Orc:2    | 22963 ||| DRINKING 20 potions of curing.
 22963 | Orc:2    | 22963 ||| (to cure confusion)
 22964 | Orc:2    | 22964 ||| FLEEEEING.
 22965 | Orc:2    | 22965 ||| STAIRDANCE
 23069 | Orc:2    | 23069 ||| STAIRDANCE
 23078 | Orc:2    | 23078 ||| STAIRDANCE
 23088 | Orc:2    | 23088 ||| STAIRDANCE
 23090 | Orc:1    | 23090 ||| DRINKING 19 potions of curing.
 23090 | Orc:1    | 23090 ||| (to cure confusion)
 23098 | Orc:2    | 23098 ||| STAIRDANCE
 23113 | Orc:2    | 23113 ||| STAIRDANCE
 23121 | Orc:2    | 23121 ||| STAIRDANCE
 23129 | Orc:2    | 23129 ||| STAIRDANCE
 23140 | Orc:2    | 23140 ||| STAIRDANCE
 23149 | Orc:2    | 23149 ||| INVOKING Heroism.
 23150 | Orc:2    | 23150 ||| STAIRDANCE
 23165 | Orc:2    | 23165 ||| STAIRDANCE
 23171 | Orc:2    | 23171 ||| STAIRDANCE
 23182 | Orc:2    | 23182 ||| INVOKING Heroism.
 23202 | Orc:2    | 23202 ||| Stepping ~*~*~tactically~*~*~ (stealth).
 23250 | Orc:2    | Found Wiedost's Mass Market.
 23266 | Orc:2    | 23266 ||| Stepping ~*~*~tactically~*~*~ (stealth).
 23267 | Orc:2    | 23267 ||| Stepping ~*~*~tactically~*~*~ (stealth).
 23269 | Orc:2    | 23269 ||| Stepping ~*~*~tactically~*~*~ (hiding).
 23270 | Orc:2    | 23270 ||| Stepping ~*~*~tactically~*~*~ (hiding).
 23271 | Orc:2    | 23271 ||| Stepping ~*~*~tactically~*~*~ (hiding).
 23273 | Orc:2    | Found Teim's Weapon Shoppe.
 23390 | Orc:2    | 23390 ||| BUYING +1 morningstar of protection (165 gold).
 23390 | Orc:2    | Bought a +1 morningstar of protection for 165 gold pieces
 23390 | Orc:2    | 23390 ||| BUYING +9 war axe of Peace {vorpal, rC+ SInv}
                  | (957 gold).
 23390 | Orc:2    | Bought the +9 war axe of Peace {vorpal, rC+ SInv} for 957
                  | gold pieces
 23390 | Orc:2    | 23390 ||| SWAPPING to +9 war axe of Peace {vorpal, rC+
                  | SInv}.
 23391 | Orc:2    | 23391 ||| DROPPING +0 morningstar of draining.
 23524 | Orc:2    | Found Ynikijal's Weapon Shop.
 23524 | Orc:2    | Found Ciada's Distillery.
 23524 | Orc:2    | Found Wots's Weapon Shoppe.
 23527 | Orc:2    | Found Cenawaj's Book Boutique.
 23532 | Orc:2    | 23532 ||| BUYING 2 potions of haste (260 gold).
 23532 | Orc:2    | Bought 2 potions of haste for 260 gold pieces
 23532 | Orc:2    | 23532 ||| BUYING potion of curing (39 gold).
 23532 | Orc:2    | Bought a potion of curing for 39 gold pieces
 23532 | Orc:2    | 23532 ||| BUYING potion of curing (39 gold).
 23532 | Orc:2    | Bought a potion of curing for 39 gold pieces
 23532 | Orc:2    | 23532 ||| BUYING potion of haste (130 gold).
 23532 | Orc:2    | Bought a potion of haste for 130 gold pieces
 23532 | Orc:2    | 23532 ||| BUYING potion of mutation (104 gold).
 23532 | Orc:2    | Bought a potion of mutation for 104 gold pieces
 23629 | Orc:2    | 23629 ||| PLANNING SPIDER:1-3
 23794 | Spider:1 | Entered Level 1 of the Spider Nest
 23795 | Spider:1 | 23795 ||| INVOKING Heroism.
 23799 | Spider:1 | 23799 ||| DRINKING 20 potions of curing.
 23799 | Spider:1 | 23799 ||| (to cure confusion)
 23800 | Spider:1 | 23800 ||| DRINKING 19 potions of curing.
 23800 | Spider:1 | 23800 ||| (to cure confusion)
 23830 | Spider:1 | 23830 ||| Stepping ~*~*~tactically~*~*~ (hiding).
 23847 | Spider:1 | 23847 ||| Stepping ~*~*~tactically~*~*~ (stealth).
 23883 | Spider:1 | Identified Roxanne's Handbook of the Mountains
 23883 | Spider:1 | Noticed Roxanne
 23884 | Spider:1 | 23884 ||| INVOKING Heroism.
 23885 | Spider:1 | 23885 ||| INVOKING Finesse.
 23908 | Spider:1 | Killed Roxanne
 23955 | Spider:1 | 23955 ||| Stepping ~*~*~tactically~*~*~ (stealth).
 23957 | Spider:1 | 23957 ||| Stepping ~*~*~tactically~*~*~ (hiding).
 23960 | Spider:1 | 23960 ||| INVOKING Heroism.
 23967 | Spider:1 | HP: 22/106 [meliai/divine providence (14)]
 23968 | Spider:1 | 23968 ||| READING 7 scrolls of teleportation.
 23973 | Spider:1 | Reached skill level 15 in Shields
 23976 | Spider:1 | 23976 ||| READING 6 scrolls of teleportation.
 24150 | Spider:1 | Noticed Josephine
 24151 | Spider:1 | 24151 ||| Stepping ~*~*~tactically~*~*~ (hiding).
 24152 | Spider:1 | 24152 ||| Stepping ~*~*~tactically~*~*~ (hiding).
 24161 | Spider:1 | 24161 ||| INVOKING Heroism.
 24164 | Spider:1 | Killed Josephine
 24180 | Spider:1 | 24180 ||| Stepping ~*~*~tactically~*~*~ (stealth).
 24186 | Spider:1 | 24186 ||| INVOKING Finesse.
 24187 | Spider:1 | 24187 ||| Stepping ~*~*~tactically~*~*~ (hiding).
 24189 | Spider:1 | 24189 ||| Stepping ~*~*~tactically~*~*~ (hiding).
 24245 | Spider:1 | 24245 ||| Stepping ~*~*~tactically~*~*~ (stealth).
 24280 | Spider:1 | 24280 ||| Stepping ~*~*~tactically~*~*~ (stealth).
 24303 | Spider:1 | 24303 ||| Stepping ~*~*~tactically~*~*~ (stealth).
 24358 | Spider:1 | 24358 ||| Stepping ~*~*~tactically~*~*~ (stealth).
 24375 | Spider:1 | 24375 ||| INVOKING Heroism.
 24376 | Spider:1 | 24376 ||| INVOKING Finesse.
 24380 | Spider:1 | Received a gift from Okawaru
 24435 | Spider:1 | 24435 ||| Stepping ~*~*~tactically~*~*~ (stealth).
 24492 | Spider:1 | 24492 ||| INVOKING Heroism.
 24518 | Spider:1 | 24518 ||| Stepping ~*~*~tactically~*~*~ (stealth).
 24578 | Spider:1 | 24578 ||| READING scroll of enchant armour.
 24578 | Spider:1 | 24578 ||| ENCHANTING +4 plate armour.
 24663 | Spider:1 | Reached XP level 17. HP: 108/108 MP: 24/24
 24679 | Spider:1 | 24679 ||| DRINKING 18 potions of curing.
 24679 | Spider:1 | 24679 ||| (to cure confusion)
 24698 | Spider:1 | 24698 ||| Stepping ~*~*~tactically~*~*~ (stealth).
 24959 | Spider:1 | 24959 ||| Stepping ~*~*~tactically~*~*~ (stealth).
 25166 | Spider:1 | You are sucked into a shaft and drop 1 floor!
 25167 | Spider:2 | 25167 ||| INVOKING Heroism.
 25168 | Spider:2 | 25168 ||| INVOKING Finesse.
 25175 | Spider:2 | Reached skill level 6 in Throwing
 25194 | Spider:2 | Identified the +0 cloak of Rirygaz {Fly rF+ Regen+}
                  | (Okawaru gifted it to you on level 2 of the Spider Nest)
 25194 | Spider:2 | Received a gift from Okawaru
 25294 | Spider:1 | 25294 ||| Stepping ~*~*~tactically~*~*~ (stealth).
 25296 | Spider:1 | 25296 ||| Stepping ~*~*~tactically~*~*~ (stealth).
 25298 | Spider:1 | 25298 ||| Stepping ~*~*~tactically~*~*~ (stealth).
 25306 | Spider:1 | 25306 ||| Stepping ~*~*~tactically~*~*~ (stealth).
 25487 | Spider:2 | 25487 ||| Stepping ~*~*~tactically~*~*~ (stealth).
 25491 | Spider:2 | 25491 ||| INVOKING Heroism.
 25493 | Spider:2 | 25493 ||| INVOKING Finesse.
 25633 | Spider:2 | 25633 ||| INVOKING Finesse.
 25635 | Spider:2 | 25635 ||| INVOKING Heroism.
 25680 | Spider:2 | 25680 ||| INVOKING Finesse.
 25689 | Spider:2 | 25689 ||| READING 5 scrolls of teleportation.
 25716 | Spider:2 | 25716 ||| Stepping ~*~*~tactically~*~*~ (stealth).
 25717 | Spider:2 | 25717 ||| Stepping ~*~*~tactically~*~*~ (stealth).
 25744 | Spider:2 | 25744 ||| INVOKING Heroism.
 25823 | Spider:2 | 25823 ||| INVOKING Finesse.
 25824 | Spider:2 | 25824 ||| Stepping ~*~*~tactically~*~*~ (hiding).
 25825 | Spider:2 | 25825 ||| INVOKING Heroism.
 25844 | Spider:2 | 25844 ||| UPGRADING to +0 cloak of Rirygaz {Fly rF+
                  | Regen+}.
 25859 | Spider:2 | 25859 ||| DROPPING scarf of repulsion.
 25961 | Spider:2 | Noticed Donald
 25962 | Spider:2 | 25962 ||| INVOKING Heroism.
 25963 | Spider:2 | 25963 ||| INVOKING Finesse.
 25985 | Spider:2 | Killed Donald
 26012 | Spider:2 | 26012 ||| Stepping ~*~*~tactically~*~*~ (stealth).
 26013 | Spider:2 | 26013 ||| Stepping ~*~*~tactically~*~*~ (stealth).
 26014 | Spider:2 | 26014 ||| Stepping ~*~*~tactically~*~*~ (stealth).
 26192 | Spider:3 | 26192 ||| Stepping ~*~*~tactically~*~*~ (hiding).
 26193 | Spider:3 | 26193 ||| Stepping ~*~*~tactically~*~*~ (hiding).
 26195 | Spider:3 | 26195 ||| Stepping ~*~*~tactically~*~*~ (hiding).
 26197 | Spider:3 | 26197 ||| INVOKING Heroism.
 26223 | Spider:3 | 26223 ||| Stepping ~*~*~tactically~*~*~ (hiding).
 26241 | Spider:3 | 26241 ||| Stepping ~*~*~tactically~*~*~ (hiding).
 26360 | Spider:3 | 26360 ||| Stepping ~*~*~tactically~*~*~ (stealth).
 26361 | Spider:3 | 26361 ||| Stepping ~*~*~tactically~*~*~ (stealth).
 26362 | Spider:3 | 26362 ||| Stepping ~*~*~tactically~*~*~ (stealth).
 26405 | Spider:3 | 26405 ||| INVOKING Heroism.
 26441 | Spider:3 | 26441 ||| Stepping ~*~*~tactically~*~*~ (stealth).
 26543 | Spider:3 | 26543 ||| INVOKING Heroism.
 26559 | Spider:3 | 26559 ||| Stepping ~*~*~tactically~*~*~ (stealth).
 26560 | Spider:3 | 26560 ||| Stepping ~*~*~tactically~*~*~ (stealth).
 26577 | Spider:3 | 26577 ||| INVOKING Heroism.
 26693 | Spider:3 | 26693 ||| INVOKING Heroism.
 26699 | Spider:3 | 26699 ||| DRINKING potion of cancellation.
 26709 | Spider:3 | Received a gift from Okawaru
 26881 | Spider:3 | 26881 ||| Stepping ~*~*~tactically~*~*~ (stealth).
 26892 | Spider:3 | 26892 ||| Stepping ~*~*~tactically~*~*~ (stealth).
 26896 | Spider:3 | 26896 ||| INVOKING Heroism.
 27044 | Spider:3 | Noticed Jorgrun
 27046 | Spider:3 | 27046 ||| Stepping ~*~*~tactically~*~*~ (hiding).
 27047 | Spider:3 | 27047 ||| Stepping ~*~*~tactically~*~*~ (hiding).
 27055 | Spider:3 | Killed Jorgrun
 27057 | Spider:3 | 27057 ||| READING 5 scrolls of teleportation.
 27067 | Spider:3 | 27067 ||| Stepping ~*~*~tactically~*~*~ (hiding).
 27205 | Spider:3 | 27205 ||| Stepping ~*~*~tactically~*~*~ (hiding).
 27206 | Spider:3 | 27206 ||| Stepping ~*~*~tactically~*~*~ (hiding).
 27210 | Spider:3 | 27210 ||| READING 4 scrolls of teleportation.
 27385 | Spider:3 | 27385 ||| PLANNING SWAMP:1-3
 27520 | Swamp:1  | Entered Level 1 of the Swamp
 27533 | Swamp:1  | 27533 ||| Stepping ~*~*~tactically~*~*~ (hiding).
 27534 | Swamp:1  | 27534 ||| INVOKING Heroism.
 27551 | Swamp:1  | 27551 ||| Stepping ~*~*~tactically~*~*~ (stealth).
 27552 | Swamp:1  | 27552 ||| Stepping ~*~*~tactically~*~*~ (stealth).
 27553 | Swamp:1  | 27553 ||| Stepping ~*~*~tactically~*~*~ (stealth).
 27564 | Swamp:1  | Noticed Mlioglotl
 27565 | Swamp:1  | 27565 ||| Stepping ~*~*~tactically~*~*~ (stealth).
 27566 | Swamp:1  | 27566 ||| Stepping ~*~*~tactically~*~*~ (hiding).
 27567 | Swamp:1  | 27567 ||| Stepping ~*~*~tactically~*~*~ (stealth).
 27568 | Swamp:1  | 27568 ||| INVOKING Heroism.
 27583 | Swamp:1  | Noticed an Executioner
 27584 | Swamp:1  | Killed Mlioglotl
 27585 | Swamp:1  | Reached skill level 14 in Fighting
 27616 | Swamp:1  | Noticed Louise
 27633 | Swamp:1  | Killed Louise
 27746 | Swamp:1  | 27746 ||| INVOKING Heroism.
 27749 | Swamp:1  | 27749 ||| SWAPPING to +7 flail of the Moon {elec, rC+ rN++
                  | SInv}.
 27757 | Swamp:1  | Reached skill level 18 in Shields
 27757 | Swamp:1  | 27757 ||| SWAPPING to +9 war axe of Peace {vorpal, rC+
                  | SInv}.
 27770 | Swamp:1  | 27770 ||| Stepping ~*~*~tactically~*~*~ (stealth).
 27809 | Swamp:1  | 27809 ||| INVOKING Heroism.
 27820 | Swamp:1  | 27820 ||| Stepping randomly (cloudy).
 27825 | Swamp:1  | 27825 ||| Stepping ~*~*~tactically~*~*~ (cloud).
 27966 | Swamp:2  | 27966 ||| Stepping ~*~*~tactically~*~*~ (hiding).
 27969 | Swamp:2  | 27969 ||| INVOKING Heroism.
 28019 | Swamp:2  | Reached XP level 18. HP: 116/116 MP: 25/25
 28019 | Swamp:2  | 28019 ||| DROPPING +7 flail of the Moon {elec, rC+ rN++
                  | SInv}.
 28020 | Swamp:2  | 28020 ||| DROPPING +1 morningstar of protection.
 28047 | Swamp:2  | 28047 ||| Stepping ~*~*~tactically~*~*~ (hiding).
 28056 | Swamp:2  | 28056 ||| INVOKING Heroism.
 28074 | Swamp:2  | 28074 ||| INVOKING Heroism.
 28172 | Swamp:2  | 28172 ||| READING scroll of enchant armour.
 28172 | Swamp:2  | 28172 ||| ENCHANTING +5 plate armour.
 28181 | Swamp:2  | 28181 ||| INVOKING Heroism.
 28595 | Swamp:3  | 28595 ||| INVOKING Heroism.
 28603 | Swamp:3  | Received a gift from Okawaru
 28617 | Swamp:3  | 28617 ||| Stepping ~*~*~tactically~*~*~ (hiding).
 28618 | Swamp:3  | 28618 ||| INVOKING Heroism.
 28652 | Swamp:3  | 28652 ||| Stepping ~*~*~tactically~*~*~ (stealth).
 28653 | Swamp:3  | 28653 ||| Stepping ~*~*~tactically~*~*~ (stealth).
 28657 | Swamp:3  | Reached skill level 15 in Fighting
 28673 | Swamp:3  | 28673 ||| Stepping ~*~*~tactically~*~*~ (stealth).
 28675 | Swamp:3  | 28675 ||| INVOKING Heroism.
 28680 | Swamp:3  | Paralysed by a fenstrider witch for 4 turns
 28687 | Swamp:3  | Received a gift from Okawaru
 28767 | Swamp:3  | 28767 ||| Stepping ~*~*~tactically~*~*~ (hiding).
 28777 | Swamp:3  | 28777 ||| INVOKING Heroism.
 28797 | Swamp:3  | 28797 ||| INVOKING Heroism.
 28835 | Swamp:3  | 28835 ||| INVOKING Heroism.
 28837 | Swamp:3  | Noticed Nikola
 28838 | Swamp:3  | 28838 ||| Stepping ~*~*~tactically~*~*~ (hiding).
 28839 | Swamp:3  | 28839 ||| INVOKING Finesse.
 28851 | Swamp:3  | 28851 ||| Stepping ~*~*~tactically~*~*~ (stealth).
 28861 | Swamp:3  | Killed Nikola
 29023 | Swamp:3  | 29023 ||| DROPPING +2 vorpal war axe.
 29078 | Swamp:3  | 29078 ||| Stepping ~*~*~tactically~*~*~ (stealth).
 29080 | Swamp:3  | 29080 ||| Stepping ~*~*~tactically~*~*~ (hiding).
 29081 | Swamp:3  | 29081 ||| Stepping ~*~*~tactically~*~*~ (hiding).
 29208 | Swamp:3  | 29208 ||| INVOKING Heroism.
 29214 | Swamp:3  | Identified the +3 ring mail of Shadows and Fog {rC- rCorr
                  | Int+3} (Okawaru gifted it to you on level 3 of the Swamp)
 29214 | Swamp:3  | Received a gift from Okawaru
 29245 | Swamp:3  | 29245 ||| Stepping ~*~*~tactically~*~*~ (hiding).
 29247 | Swamp:3  | 29247 ||| INVOKING Heroism.
 29268 | Swamp:3  | 29268 ||| PLANNING SPIDER:4
 29268 | Swamp:3  | 29268 ||| READING 18 scrolls of identify.
 29268 | Swamp:3  | 29268 ||| IDENTIFYING metallic golden potion
 29464 | Spider:4 | Entered Level 4 of the Spider Nest
 29498 | Spider:4 | 29498 ||| INVOKING Finesse.
 29502 | Spider:4 | 29502 ||| INVOKING Heroism.
 29557 | Spider:4 | 29557 ||| INVOKING Heroism.
 29564 | Spider:4 | 29564 ||| FLEEEEING.
 29567 | Spider:4 | 29567 ||| INVOKING Finesse.
 29679 | Spider:4 | 29679 ||| Stepping ~*~*~tactically~*~*~ (stealth).
 29680 | Spider:4 | 29680 ||| Stepping ~*~*~tactically~*~*~ (stealth).
 29681 | Spider:4 | 29681 ||| INVOKING Finesse.
 29682 | Spider:4 | 29682 ||| INVOKING Heroism.
 29756 | Spider:4 | 29756 ||| INVOKING Heroism.
 29801 | Spider:4 | 29801 ||| Stepping ~*~*~tactically~*~*~ (stealth).
 29802 | Spider:4 | 29802 ||| Stepping ~*~*~tactically~*~*~ (stealth).
 29846 | Spider:4 | 29846 ||| Stepping ~*~*~tactically~*~*~ (stealth).
 29847 | Spider:4 | 29847 ||| Stepping ~*~*~tactically~*~*~ (stealth).
 29849 | Spider:4 | 29849 ||| Stepping ~*~*~tactically~*~*~ (stealth).
 29982 | Spider:4 | 29982 ||| INVOKING Heroism.
 30007 | Spider:4 | 30007 ||| Stepping ~*~*~tactically~*~*~ (stealth).
 30008 | Spider:4 | 30008 ||| Stepping ~*~*~tactically~*~*~ (stealth).
 30009 | Spider:4 | 30009 ||| Stepping ~*~*~tactically~*~*~ (stealth).
 30019 | Spider:4 | 30019 ||| Stepping ~*~*~tactically~*~*~ (hiding).
 30020 | Spider:4 | 30020 ||| Stepping ~*~*~tactically~*~*~ (hiding).
 30028 | Spider:4 | 30028 ||| INVOKING Heroism.
 30079 | Spider:4 | 30079 ||| Stepping ~*~*~tactically~*~*~ (stealth).
 30137 | Spider:4 | 30137 ||| Stepping ~*~*~tactically~*~*~ (stealth).
 30138 | Spider:4 | 30138 ||| INVOKING Heroism.
 30177 | Spider:4 | 30177 ||| Stepping ~*~*~tactically~*~*~ (hiding).
 30318 | Spider:4 | Got a gossamer rune of Zot
 30344 | Spider:4 | 30344 ||| Stepping ~*~*~tactically~*~*~ (stealth).
 30798 | Spider:4 | 30798 ||| PLANNING VAULTS:1-4
 30798 | Spider:4 | 30798 ||| DROPPING +1 pair of gloves of hurling.
 31039 | Vaults:1 | Entered Level 1 of the Vaults
 31040 | Vaults:1 | 31040 ||| INVOKING Heroism.
 31058 | Vaults:1 | Reached skill level 9 in Throwing
 31088 | Vaults:1 | 31088 ||| Stepping ~*~*~tactically~*~*~ (hiding).
 31093 | Vaults:1 | Received a gift from Okawaru
 31099 | Vaults:1 | Reached XP level 19. HP: 123/125 MP: 26/26
 31101 | Vaults:1 | Reached skill level 16 in Fighting
 31364 | Vaults:1 | 31364 ||| INVOKING Heroism.
 31387 | Vaults:1 | Reached skill level 15 in Armour
 31387 | Vaults:1 | 31387 ||| INVOKING Heroism.
 31538 | Vaults:1 | 31538 ||| READING scroll of enchant armour.
 31538 | Vaults:1 | 31538 ||| ENCHANTING +6 plate armour.
 31742 | Vaults:1 | 31742 ||| INVOKING Heroism.
 31996 | Vaults:1 | 31996 ||| Stepping ~*~*~tactically~*~*~ (stealth).
 31997 | Vaults:1 | 31997 ||| Stepping ~*~*~tactically~*~*~ (stealth).
 31998 | Vaults:1 | 31998 ||| INVOKING Finesse.
 32163 | Vaults:1 | 32163 ||| Stepping ~*~*~tactically~*~*~ (stealth).
 32180 | Vaults:1 | 32180 ||| Stepping ~*~*~tactically~*~*~ (hiding).
 32314 | Vaults:1 | Reached skill level 17 in Fighting
 32319 | Vaults:1 | 32319 ||| Stepping ~*~*~tactically~*~*~ (stealth).
 32321 | Vaults:1 | 32321 ||| INVOKING Heroism.
 32388 | Vaults:1 | Noticed Asterion
 32389 | Vaults:1 | 32389 ||| INVOKING Heroism.
 32390 | Vaults:1 | 32390 ||| INVOKING Finesse.
 32405 | Vaults:1 | Killed Asterion
 32554 | Vaults:1 | 32554 ||| Stepping ~*~*~tactically~*~*~ (stealth).
 32556 | Vaults:1 | 32556 ||| INVOKING Heroism.
 32559 | Vaults:1 | 32559 ||| Stepping ~*~*~tactically~*~*~ (stealth).
 32560 | Vaults:1 | Received a gift from Okawaru
 32689 | Vaults:1 | 32689 ||| Stepping ~*~*~tactically~*~*~ (hiding).
 32721 | Vaults:1 | 32721 ||| INVOKING Heroism.
 32741 | Vaults:1 | 32741 ||| INVOKING Finesse.
 32742 | Vaults:1 | 32742 ||| INVOKING Finesse.
 33026 | Vaults:1 | 33026 ||| INVOKING Heroism.
 33027 | Vaults:1 | 33027 ||| INVOKING Finesse.
 33087 | Vaults:1 | 33087 ||| DROPPING +2 shadow dragon scales.
 33088 | Vaults:1 | 33088 ||| DROPPING amulet of the acrobat.
 33158 | Vaults:2 | 33158 ||| INVOKING Heroism.
 33229 | Vaults:2 | 33229 ||| INVOKING Heroism.
 33406 | Vaults:2 | 33406 ||| Stepping ~*~*~tactically~*~*~ (hiding).
 33409 | Vaults:2 | 33409 ||| INVOKING Heroism.
 33411 | Vaults:2 | 33411 ||| Stepping ~*~*~tactically~*~*~ (hiding).
 33414 | Vaults:2 | 33414 ||| Stepping ~*~*~tactically~*~*~ (hiding).
 33431 | Vaults:2 | Received a gift from Okawaru
 33453 | Vaults:2 | 33453 ||| INVOKING Heroism.
 33503 | Vaults:2 | 33503 ||| Stepping ~*~*~tactically~*~*~ (hiding).
 33504 | Vaults:2 | 33504 ||| Stepping ~*~*~tactically~*~*~ (hiding).
 33636 | Vaults:2 | 33636 ||| Stepping ~*~*~tactically~*~*~ (hiding).
 33654 | Vaults:2 | Received a gift from Okawaru
 33712 | Vaults:2 | 33712 ||| Stepping ~*~*~tactically~*~*~ (hiding).
 33725 | Vaults:2 | 33725 ||| INVOKING Heroism.
 33737 | Vaults:2 | Reached XP level 20. HP: 134/134 MP: 25/27
 34064 | Vaults:2 | 34064 ||| Stepping ~*~*~tactically~*~*~ (stealth).
 34073 | Vaults:2 | Identified the +9 short sword of Enormous Valiance {freeze,
                  | *Corrode Dex+6} (Okawaru gifted it to you on level 2 of the
                  | Vaults)
 34073 | Vaults:2 | Received a gift from Okawaru
 34154 | Vaults:2 | 34154 ||| INVOKING Heroism.
 34171 | Vaults:2 | Reached skill level 18 in Fighting
 34210 | Vaults:2 | Found a staircase to the Crypt.
 34297 | Vaults:2 | 34297 ||| Stepping ~*~*~tactically~*~*~ (stealth).
 34300 | Vaults:2 | 34300 ||| INVOKING Heroism.
 34372 | Vaults:2 | 34372 ||| INVOKING Heroism.
 34528 | Vaults:2 | 34528 ||| INVOKING Heroism.
 34561 | Vaults:2 | 34561 ||| Stepping ~*~*~tactically~*~*~ (hiding).
 34739 | Vaults:3 | 34739 ||| Stepping ~*~*~tactically~*~*~ (hiding).
 34751 | Vaults:3 | 34751 ||| INVOKING Heroism.
 34849 | Vaults:3 | 34849 ||| INVOKING Heroism.
 34932 | Vaults:3 | Received a gift from Okawaru
 34991 | Vaults:3 | 34991 ||| INVOKING Heroism.
 35066 | Vaults:3 | Noticed Bai Suzhen
 35067 | Vaults:3 | 35067 ||| READING 6 scrolls of teleportation.
 35069 | Vaults:3 | 35069 ||| FLEEEEING.
 35115 | Vaults:3 | 35115 ||| INVOKING Heroism.
 35161 | Vaults:3 | 35161 ||| Stepping ~*~*~tactically~*~*~ (stealth).
 35162 | Vaults:3 | 35162 ||| Stepping ~*~*~tactically~*~*~ (stealth).
 35245 | Vaults:3 | 35245 ||| FLEEEEING.
 35247 | Vaults:3 | 35247 ||| FLEEEEING.
 35248 | Vaults:3 | 35248 ||| FLEEEEING.
 35249 | Vaults:3 | 35249 ||| FLEEEEING.
 35250 | Vaults:3 | 35250 ||| FLEEEEING.
 35251 | Vaults:3 | 35251 ||| FLEEEEING.
 35252 | Vaults:3 | 35252 ||| FLEEEEING.
 35253 | Vaults:3 | 35253 ||| FLEEEEING.
 35254 | Vaults:3 | 35254 ||| FLEEEEING.
 35255 | Vaults:3 | 35255 ||| FLEEEEING.
 35256 | Vaults:3 | 35256 ||| FLEEEEING.
 35257 | Vaults:3 | 35257 ||| FLEEEEING.
 35258 | Vaults:3 | 35258 ||| FLEEEEING.
 35259 | Vaults:3 | 35259 ||| FLEEEEING.
 35260 | Vaults:3 | 35260 ||| FLEEEEING.
 35261 | Vaults:3 | 35261 ||| FLEEEEING.
 35262 | Vaults:3 | 35262 ||| FLEEEEING.
 35263 | Vaults:3 | 35263 ||| FLEEEEING.
 35264 | Vaults:3 | 35264 ||| FLEEEEING.
 35265 | Vaults:3 | 35265 ||| FLEEEEING.
 35266 | Vaults:3 | 35266 ||| FLEEEEING.
 35267 | Vaults:3 | 35267 ||| FLEEEEING.
 35268 | Vaults:3 | 35268 ||| FLEEEEING.
 35269 | Vaults:3 | 35269 ||| FLEEEEING.
 35270 | Vaults:3 | 35270 ||| FLEEEEING.
 35281 | Vaults:3 | 35281 ||| FLEEEEING.
 35282 | Vaults:3 | 35282 ||| FLEEEEING.
 35283 | Vaults:3 | 35283 ||| FLEEEEING.
 35284 | Vaults:3 | 35284 ||| FLEEEEING.
 35289 | Vaults:3 | 35289 ||| Stepping ~*~*~tactically~*~*~ (hiding).
 35318 | Vaults:3 | 35318 ||| FLEEEEING.
 35319 | Vaults:3 | 35319 ||| FLEEEEING.
 35320 | Vaults:3 | 35320 ||| FLEEEEING.
 35331 | Vaults:3 | 35331 ||| FLEEEEING.
 35332 | Vaults:3 | 35332 ||| FLEEEEING.
 35333 | Vaults:3 | 35333 ||| FLEEEEING.
 35334 | Vaults:3 | 35334 ||| FLEEEEING.
 35335 | Vaults:3 | 35335 ||| FLEEEEING.
 35336 | Vaults:3 | 35336 ||| FLEEEEING.
 35337 | Vaults:3 | 35337 ||| FLEEEEING.
 35338 | Vaults:3 | 35338 ||| FLEEEEING.
 35339 | Vaults:3 | 35339 ||| FLEEEEING.
 35340 | Vaults:3 | 35340 ||| FLEEEEING.
 35341 | Vaults:3 | 35341 ||| FLEEEEING.
 35342 | Vaults:3 | 35342 ||| FLEEEEING.
 35343 | Vaults:3 | 35343 ||| FLEEEEING.
 35344 | Vaults:3 | 35344 ||| FLEEEEING.
 35345 | Vaults:3 | 35345 ||| FLEEEEING.
 35346 | Vaults:3 | 35346 ||| FLEEEEING.
 35347 | Vaults:3 | 35347 ||| FLEEEEING.
 35348 | Vaults:3 | 35348 ||| FLEEEEING.
 35349 | Vaults:3 | 35349 ||| FLEEEEING.
 35350 | Vaults:3 | 35350 ||| FLEEEEING.
 35351 | Vaults:3 | 35351 ||| FLEEEEING.
 35352 | Vaults:3 | 35352 ||| FLEEEEING.
 35353 | Vaults:3 | 35353 ||| FLEEEEING.
 35354 | Vaults:3 | 35354 ||| FLEEEEING.
 35355 | Vaults:3 | 35355 ||| FLEEEEING.
 35356 | Vaults:3 | 35356 ||| FLEEEEING.
 35357 | Vaults:3 | 35357 ||| FLEEEEING.
 35358 | Vaults:3 | 35358 ||| FLEEEEING.
 35359 | Vaults:3 | 35359 ||| FLEEEEING.
 35360 | Vaults:3 | 35360 ||| FLEEEEING.
 35361 | Vaults:3 | 35361 ||| FLEEEEING.
 35362 | Vaults:3 | 35362 ||| FLEEEEING.
 35363 | Vaults:3 | 35363 ||| FLEEEEING.
 35364 | Vaults:3 | 35364 ||| FLEEEEING.
 35365 | Vaults:3 | 35365 ||| FLEEEEING.
 35366 | Vaults:3 | 35366 ||| FLEEEEING.
 35367 | Vaults:3 | 35367 ||| FLEEEEING.
 35368 | Vaults:3 | 35368 ||| FLEEEEING.
 35369 | Vaults:3 | 35369 ||| FLEEEEING.
 35370 | Vaults:3 | 35370 ||| FLEEEEING.
 35371 | Vaults:3 | 35371 ||| FLEEEEING.
 35372 | Vaults:3 | 35372 ||| FLEEEEING.
 35373 | Vaults:3 | 35373 ||| FLEEEEING.
 35379 | Vaults:3 | 35379 ||| FLEEEEING.
 35380 | Vaults:3 | 35380 ||| FLEEEEING.
 35381 | Vaults:3 | 35381 ||| FLEEEEING.
 35382 | Vaults:3 | 35382 ||| FLEEEEING.
 35383 | Vaults:3 | 35383 ||| FLEEEEING.
 35384 | Vaults:3 | 35384 ||| FLEEEEING.
 35385 | Vaults:3 | 35385 ||| FLEEEEING.
 35386 | Vaults:3 | 35386 ||| FLEEEEING.
 35387 | Vaults:3 | 35387 ||| FLEEEEING.
 35392 | Vaults:3 | 35392 ||| FLEEEEING.
 35393 | Vaults:3 | 35393 ||| FLEEEEING.
 35394 | Vaults:3 | 35394 ||| FLEEEEING.
 35395 | Vaults:3 | 35395 ||| FLEEEEING.
 35411 | Vaults:3 | 35411 ||| FLEEEEING.
 35412 | Vaults:3 | 35412 ||| FLEEEEING.
 35413 | Vaults:3 | 35413 ||| FLEEEEING.
 35414 | Vaults:3 | 35414 ||| FLEEEEING.
 35416 | Vaults:3 | 35416 ||| FLEEEEING.
 35421 | Vaults:3 | 35421 ||| STAIRDANCE
 35529 | Vaults:3 | 35529 ||| STAIRDANCE
 35538 | Vaults:3 | 35538 ||| STAIRDANCE
 35551 | Vaults:2 | Killed Bai Suzhen
 35551 | Vaults:2 | Received a gift from Okawaru
 35552 | Vaults:2 | 35552 ||| Stepping ~*~*~tactically~*~*~ (cloud).
 35910 | Vaults:3 | 35910 ||| INVOKING Heroism.
 35911 | Vaults:3 | 35911 ||| INVOKING Finesse.
 36215 | Vaults:4 | 36215 ||| INVOKING Heroism.
 36226 | Vaults:4 | 36226 ||| Stepping ~*~*~tactically~*~*~ (stealth).
 36231 | Vaults:4 | 36231 ||| Stepping ~*~*~tactically~*~*~ (stealth).
 36327 | Vaults:4 | 36327 ||| Stepping ~*~*~tactically~*~*~ (hiding).
 36340 | Vaults:4 | 36340 ||| INVOKING Heroism.
 36344 | Vaults:4 | Received a gift from Okawaru
 36371 | Vaults:4 | 36371 ||| Stepping ~*~*~tactically~*~*~ (stealth).
 36388 | Vaults:4 | 36388 ||| INVOKING Heroism.
 36401 | Vaults:4 | Reached skill level 19 in Fighting
 36630 | Vaults:4 | Received a gift from Okawaru
 36697 | Vaults:4 | 36697 ||| INVOKING Heroism.
 36701 | Vaults:4 | 36701 ||| Stepping ~*~*~tactically~*~*~ (stealth).
 36729 | Vaults:4 | Reached XP level 21. HP: 135/144 MP: 28/28
 36779 | Vaults:4 | 36779 ||| Stepping ~*~*~tactically~*~*~ (stealth).
 36887 | Vaults:4 | 36887 ||| Stepping ~*~*~tactically~*~*~ (hiding).
 37024 | Vaults:4 | Reached skill level 18 in Armour
 37056 | Vaults:4 | 37056 ||| INVOKING Heroism.
 37067 | Vaults:4 | Identified the +4 executioner's axe of the Stork {venom,
                  | rElec Dex-2 Stlth+} (Okawaru gifted it to you on level 4 of
                  | the Vaults)
 37067 | Vaults:4 | Received a gift from Okawaru
 37293 | Vaults:4 | 37293 ||| INVOKING Heroism.
 37294 | Vaults:4 | 37294 ||| Stepping ~*~*~tactically~*~*~ (stealth).
 37366 | Vaults:4 | 37366 ||| INVOKING Heroism.
 37500 | Vaults:4 | 37500 ||| PLANNING SWAMP:4
 37500 | Vaults:4 | 37500 ||| DROPPING +2 pair of boots.
 37835 | Swamp:4  | Entered Level 4 of the Swamp
 37836 | Swamp:4  | 37836 ||| INVOKING Heroism.
 37841 | Swamp:4  | 37841 ||| STAIRDANCE
 37849 | Swamp:4  | 37849 ||| STAIRDANCE
 37914 | Swamp:4  | 37914 ||| FLEEEEING.
 37915 | Swamp:4  | 37915 ||| FLEEEEING.
 37916 | Swamp:4  | 37916 ||| FLEEEEING.
 37917 | Swamp:4  | 37917 ||| FLEEEEING.
 37920 | Swamp:4  | 37920 ||| INVOKING Heroism.
 38149 | Swamp:4  | 38149 ||| Stepping ~*~*~tactically~*~*~ (stealth).
 38150 | Swamp:4  | 38150 ||| Stepping ~*~*~tactically~*~*~ (stealth).
 38187 | Swamp:4  | 38187 ||| FLEEEEING.
 38188 | Swamp:4  | 38188 ||| FLEEEEING.
 38189 | Swamp:4  | 38189 ||| FLEEEEING.
 38190 | Swamp:4  | 38190 ||| FLEEEEING.
 38204 | Swamp:4  | Reached ****** piety under Okawaru
 38237 | Swamp:4  | 38237 ||| Stepping ~*~*~tactically~*~*~ (stealth).
 38257 | Swamp:4  | 38257 ||| INVOKING Heroism.
 38275 | Swamp:4  | 38275 ||| Stepping ~*~*~tactically~*~*~ (cloud).
 38337 | Swamp:4  | 38337 ||| Stepping ~*~*~tactically~*~*~ (hiding).
 38370 | Swamp:4  | 38370 ||| Stepping ~*~*~tactically~*~*~ (stealth).
 38522 | Swamp:4  | Received a gift from Okawaru
 38622 | Swamp:4  | 38622 ||| PLANNING SWAMP:1-3
 38628 | Swamp:3  | 38628 ||| PLANNING SWAMP:4
 38630 | Swamp:4  | 38630 ||| PLANNING SWAMP:1-3
 38630 | Swamp:4  | 38630 ||| READING 7 scrolls of teleportation.
 38631 | Swamp:4  | 38631 ||| STAIRDANCE
 38634 | Swamp:3  | 38634 ||| PLANNING SWAMP:4
 38697 | Swamp:4  | Got a decaying rune of Zot
 38698 | Swamp:4  | 38698 ||| PLANNING DEPTHS
 38887 | Depths:1 | Entered Level 1 of the Depths
 38915 | Depths:1 | 38915 ||| INVOKING Heroism.
 38936 | Depths:1 | 38936 ||| INVOKING Heroism.
 38985 | Depths:1 | Found Tituin Jyol's Antique Weapon Emporium.
 38987 | Depths:1 | Found Urath's Magic Scroll Emporium.
 38987 | Depths:1 | Found Oddoa's Magic Scroll Shoppe.
 38992 | Depths:1 | 38992 ||| BUYING twisted war axe (323 gold).
 38992 | Depths:1 | Bought a twisted war axe for 323 gold pieces
 38992 | Depths:1 | Identified the +1 war axe "Zotauv" {speed, *Rage rElec
                  | Will+ Dex+2} (You bought it in a shop on level 1 of the
                  | Depths)
 38992 | Depths:1 | 38992 ||| DROPPING +1 war axe "Zotauv" {speed, *Rage rElec
                  | Will+ Dex+2}.
 38993 | Depths:1 | Found Jecy's Book Shoppe.
 38996 | Depths:1 | 38996 ||| BUYING scroll of blinking (157 gold).
 38996 | Depths:1 | Bought a scroll of blinking for 157 gold pieces
 38996 | Depths:1 | 38996 ||| BUYING scroll of teleportation (63 gold).
 38996 | Depths:1 | Bought a scroll of teleportation for 63 gold pieces
 39002 | Depths:1 | 39002 ||| BUYING scroll of blinking (127 gold).
 39002 | Depths:1 | Bought a scroll of blinking for 127 gold pieces
 39002 | Depths:1 | 39002 ||| BUYING scroll of blinking (127 gold).
 39002 | Depths:1 | Bought a scroll of blinking for 127 gold pieces
 39002 | Depths:1 | 39002 ||| BUYING scroll of teleportation (51 gold).
 39002 | Depths:1 | Bought a scroll of teleportation for 51 gold pieces
 39002 | Depths:1 | 39002 ||| BUYING scroll of teleportation (51 gold).
 39002 | Depths:1 | Bought a scroll of teleportation for 51 gold pieces
 39006 | Depths:1 | 39006 ||| Stepping ~*~*~tactically~*~*~ (hiding).
 39087 | Depths:1 | 39087 ||| Stepping ~*~*~tactically~*~*~ (stealth).
 39089 | Depths:1 | 39089 ||| Stepping ~*~*~tactically~*~*~ (hiding).
 39134 | Depths:1 | Found a gateway to Hell.
 39169 | Depths:1 | 39169 ||| INVOKING Heroism.
 39265 | Depths:1 | 39265 ||| Stepping ~*~*~tactically~*~*~ (stealth).
 39271 | Depths:1 | 39271 ||| INVOKING Heroism.
 39284 | Depths:1 | Reached skill level 20 in Fighting
 39320 | Depths:1 | 39320 ||| Stepping ~*~*~tactically~*~*~ (hiding).
 39325 | Depths:1 | 39325 ||| INVOKING Heroism.
 39326 | Depths:1 | 39326 ||| INVOKING Finesse.
 39348 | Depths:1 | 39348 ||| INVOKING Heroism.
 39351 | Depths:1 | Received a gift from Okawaru
 39391 | Depths:1 | Received a gift from Okawaru
 39541 | Depths:1 | 39541 ||| INVOKING Heroism.
 39542 | Depths:1 | Identified the +6 crystal plate armour of the Sturgeon
                  | {Will+} (Okawaru gifted it to you on level 1 of the Depths)
 39542 | Depths:1 | Received a gift from Okawaru
 39921 | Depths:1 | 39921 ||| DROPPING +1 plate armour of fire resistance.
 39922 | Depths:1 | 39922 ||| DROPPING +0 ice dragon scales.
 39923 | Depths:1 | 39923 ||| UPGRADING to +6 crystal plate armour of the
                  | Sturgeon {Will+}.
 39933 | Depths:1 | 39933 ||| DROPPING +7 plate armour.
 39934 | Depths:1 | 39934 ||| DROPPING ring of ice.
 39987 | Depths:2 | 39987 ||| INVOKING Heroism.
 40097 | Depths:2 | 40097 ||| Stepping ~*~*~tactically~*~*~ (stealth).
 40098 | Depths:2 | 40098 ||| Stepping ~*~*~tactically~*~*~ (stealth).
 40099 | Depths:2 | 40099 ||| Stepping ~*~*~tactically~*~*~ (hiding).
 40118 | Depths:2 | Reached XP level 22. HP: 152/152 MP: 29/29
 40205 | Depths:2 | Noticed a caustic shrike
 40206 | Depths:2 | 40206 ||| INVOKING Heroism.
 40207 | Depths:2 | 40207 ||| INVOKING Finesse.
 40220 | Depths:2 | Killed a caustic shrike
 40375 | Depths:2 | Noticed a caustic shrike
 40376 | Depths:2 | 40376 ||| INVOKING Heroism.
 40377 | Depths:2 | 40377 ||| INVOKING Finesse.
 40386 | Depths:2 | Killed a caustic shrike
 40439 | Depths:2 | Noticed a juggernaut
 40440 | Depths:2 | 40440 ||| INVOKING Heroism.
 40442 | Depths:2 | 40442 ||| INVOKING Finesse.
 40451 | Depths:2 | 40451 ||| Stepping ~*~*~tactically~*~*~ (hiding).
 40453 | Depths:2 | Killed a juggernaut
 40496 | Depths:2 | 40496 ||| Stepping ~*~*~tactically~*~*~ (hiding).
 40718 | Depths:2 | 40718 ||| Stepping ~*~*~tactically~*~*~ (hiding).
 40719 | Depths:2 | 40719 ||| Stepping ~*~*~tactically~*~*~ (hiding).
 40720 | Depths:2 | 40720 ||| Stepping ~*~*~tactically~*~*~ (hiding).
 40724 | Depths:2 | 40724 ||| INVOKING Heroism.
 40726 | Depths:2 | 40726 ||| INVOKING Finesse.
 40901 | Depths:2 | Identified the +0 pair of boots "Vylas" {Harm}
 41018 | Depths:2 | 41018 ||| INVOKING Heroism.
 41019 | Depths:2 | 41019 ||| Stepping ~*~*~tactically~*~*~ (hiding).
 41054 | Depths:2 | Found a one-way gateway to a ziggurat.
 41075 | Depths:2 | Found a one-way gate leading to the halls of Pandemonium.
 41097 | Depths:2 | Noticed a golden dragon
 41098 | Depths:2 | 41098 ||| INVOKING Heroism.
 41099 | Depths:2 | 41099 ||| INVOKING Finesse.
 41107 | Depths:2 | Killed a golden dragon
 41156 | Depths:2 | 41156 ||| Stepping ~*~*~tactically~*~*~ (hiding).
 41158 | Depths:2 | 41158 ||| INVOKING Heroism.
 41159 | Depths:2 | 41159 ||| INVOKING Finesse.
 41180 | Depths:2 | Noticed a golden dragon
 41188 | Depths:2 | Killed a golden dragon
 41260 | Depths:2 | Noticed a caustic shrike
 41261 | Depths:2 | 41261 ||| Stepping ~*~*~tactically~*~*~ (stealth).
 41264 | Depths:2 | 41264 ||| INVOKING Heroism.
 41265 | Depths:2 | 41265 ||| INVOKING Finesse.
 41275 | Depths:2 | Killed a caustic shrike
 41520 | Depths:2 | 41520 ||| Stepping ~*~*~tactically~*~*~ (hiding).
 41589 | Depths:2 | 41589 ||| DROPPING +0 pair of boots "Vylas" {Harm}.
 41590 | Depths:2 | 41590 ||| DROPPING amulet of guardian spirit.
 41591 | Depths:2 | 41591 ||| DROPPING ring of magical power.
 41635 | Depths:3 | 41635 ||| INVOKING Finesse.
 41642 | Depths:3 | 41642 ||| INVOKING Heroism.
 41693 | Depths:3 | Reached skill level 21 in Armour
 41743 | Depths:3 | Found a large runed translucent door.
 41744 | Depths:3 | Found a large runed translucent door.
 41746 | Depths:3 | 41746 ||| Stepping ~*~*~tactically~*~*~ (hiding).
 41748 | Depths:3 | 41748 ||| Stepping ~*~*~tactically~*~*~ (hiding).
 41759 | Depths:3 | 41759 ||| INVOKING Heroism.
 41766 | Depths:3 | 41766 ||| INVOKING Finesse.
 41809 | Depths:3 | Paralysed by a floating eye for 3 turns
 41813 | Depths:3 | 41813 ||| INVOKING Heroism.
 41815 | Depths:3 | HP: 34/154 [titan[a glowing orange brain] (15)]
 41816 | Depths:3 | 41816 ||| READING 10 scrolls of teleportation.
 41816 | Depths:3 | Paralysed by a floating eye for 2 turns
 41817 | Depths:3 | HP: 11/154 [spriggan rider/+0 spear (8)]
 41818 | Depths:3 | 41818 ||| DRINKING 8 potions of heal wounds.
 41819 | Depths:3 | 41819 ||| DRINKING 7 potions of heal wounds.
 41827 | Depths:3 | HP: 32/154 [spriggan air mage/the air (24)]
 41828 | Depths:3 | 41828 ||| READING 9 scrolls of teleportation.
 41829 | Depths:3 | 41829 ||| DRINKING 6 potions of heal wounds.
 41832 | Depths:3 | 41832 ||| INVOKING Finesse.
 41838 | Depths:3 | 41838 ||| INVOKING Heroism.
 41891 | Depths:3 | 41891 ||| INVOKING Heroism.
 41899 | Depths:3 | Noticed a golden dragon
 41900 | Depths:3 | 41900 ||| INVOKING Finesse.
 41910 | Depths:3 | Paralysed by a floating eye for 4 turns
 41926 | Depths:3 | Killed a golden dragon
 41926 | Depths:3 | Received a gift from Okawaru
 41988 | Depths:3 | Found a one-way gate to the infinite horrors of the Abyss.
 42198 | Depths:3 | 42198 ||| Stepping ~*~*~tactically~*~*~ (hiding).
 42199 | Depths:3 | 42199 ||| Stepping ~*~*~tactically~*~*~ (hiding).
 42203 | Depths:3 | Paralysed by a floating eye for 4 turns
 42233 | Depths:3 | 42233 ||| INVOKING Heroism.
 42237 | Depths:3 | 42237 ||| INVOKING Finesse.
 42254 | Depths:3 | Received a gift from Okawaru
 42261 | Depths:3 | Noticed a golden dragon
 42262 | Depths:3 | 42262 ||| Stepping ~*~*~tactically~*~*~ (stealth).
 42263 | Depths:3 | 42263 ||| Stepping ~*~*~tactically~*~*~ (stealth).
 42264 | Depths:3 | 42264 ||| Stepping ~*~*~tactically~*~*~ (stealth).
 42265 | Depths:3 | 42265 ||| Stepping ~*~*~tactically~*~*~ (stealth).
 42269 | Depths:3 | 42269 ||| Stepping ~*~*~tactically~*~*~ (hiding).
 42281 | Depths:3 | Killed a golden dragon
 42460 | Depths:3 | Identified the +2 pair of boots of Spite {rElec}
 42640 | Depths:3 | 42640 ||| DROPPING +2 pair of boots of Spite {rElec}.
 42647 | Depths:4 | Entered Level 4 of the Depths
 42833 | Depths:4 | 42833 ||| Stepping ~*~*~tactically~*~*~ (hiding).
 42841 | Depths:4 | 42841 ||| Stepping ~*~*~tactically~*~*~ (stealth).
 42876 | Depths:4 | 42876 ||| READING 9 scrolls of teleportation.
 42931 | Depths:4 | 42931 ||| INVOKING Heroism.
 42934 | Depths:4 | 42934 ||| INVOKING Finesse.
 42981 | Depths:4 | Reached skill level 21 in Shields
 43024 | Depths:4 | 43024 ||| FLEEEEING.
 43027 | Depths:4 | 43027 ||| FLEEEEING.
 43028 | Depths:4 | 43028 ||| FLEEEEING.
 43029 | Depths:4 | 43029 ||| FLEEEEING.
 43030 | Depths:4 | 43030 ||| FLEEEEING.
 43031 | Depths:4 | 43031 ||| FLEEEEING.
 43032 | Depths:4 | 43032 ||| FLEEEEING.
 43033 | Depths:4 | 43033 ||| FLEEEEING.
 43034 | Depths:4 | 43034 ||| FLEEEEING.
 43054 | Depths:4 | 43054 ||| Stepping ~*~*~tactically~*~*~ (hiding).
 43055 | Depths:4 | 43055 ||| Stepping ~*~*~tactically~*~*~ (hiding).
 43100 | Depths:4 | 43100 ||| Stepping ~*~*~tactically~*~*~ (hiding).
 43169 | Depths:4 | 43169 ||| Stepping ~*~*~tactically~*~*~ (hiding).
 43200 | Depths:4 | Received a gift from Okawaru
 43210 | Depths:4 | Found a gate to the Realm of Zot.
 43210 | Depths:4 | Noticed a golden dragon
 43211 | Depths:4 | 43211 ||| Stepping ~*~*~tactically~*~*~ (hiding).
 43213 | Depths:4 | 43213 ||| INVOKING Heroism.
 43214 | Depths:4 | 43214 ||| INVOKING Finesse.
 43232 | Depths:4 | Killed a golden dragon
 43268 | Depths:4 | 43268 ||| Stepping ~*~*~tactically~*~*~ (hiding).
 43290 | Depths:4 | 43290 ||| INVOKING Heroism.
 43331 | Depths:4 | Identified the +0 chain mail of Least Resistance {rElec
                  | Str+4 Int-3 Dex+7}
 43343 | Depths:4 | 43343 ||| Stepping ~*~*~tactically~*~*~ (stealth).
 43369 | Depths:4 | 43369 ||| Stepping ~*~*~tactically~*~*~ (hiding).
 43383 | Depths:4 | 43383 ||| Stepping ~*~*~tactically~*~*~ (stealth).
 43385 | Depths:4 | 43385 ||| INVOKING Heroism.
 43386 | Depths:4 | 43386 ||| INVOKING Finesse.
 43518 | Depths:4 | 43518 ||| INVOKING Heroism.
 43768 | Depths:4 | 43768 ||| Stepping ~*~*~tactically~*~*~ (hiding).
 43769 | Depths:4 | 43769 ||| Stepping ~*~*~tactically~*~*~ (hiding).
 43774 | Depths:4 | 43774 ||| INVOKING Heroism.
 43823 | Depths:4 | Reached XP level 23. HP: 159/159 MP: 30/30
 43886 | Depths:4 | 43886 ||| Stepping ~*~*~tactically~*~*~ (stealth).
 44009 | Depths:4 | 44009 ||| PLANNING VAULTS:5
 44009 | Depths:4 | 44009 ||| READING scroll labelled QAIDGH DIRGHOFORY.
 44487 | Vaults:5 | Entered Level 5 of the Vaults
 44488 | Vaults:5 | 44488 ||| INVOKING Heroism.
 44489 | Vaults:5 | 44489 ||| STAIRDANCE
 44495 | Vaults:4 | Received a gift from Okawaru
 44506 | Vaults:5 | 44506 ||| STAIRDANCE
 44511 | Vaults:4 | Reached skill level 21 in Fighting
 44530 | Vaults:5 | 44530 ||| STAIRDANCE
 44535 | Vaults:4 | 44535 ||| INVOKING Heroism.
 44555 | Vaults:5 | 44555 ||| STAIRDANCE
 44567 | Vaults:4 | Received a gift from Okawaru
 44587 | Vaults:5 | 44587 ||| INVOKING Finesse.
 44614 | Vaults:5 | 44614 ||| INVOKING Heroism.
 44637 | Vaults:5 | Reached skill level 22 in Fighting
 44638 | Vaults:5 | Received a gift from Okawaru
 44639 | Vaults:5 | Noticed a golden dragon
 44641 | Vaults:5 | Noticed a dread lich
 44652 | Vaults:5 | 44652 ||| INVOKING Heroism.
 44652 | Vaults:5 | Noticed a golden dragon
 44654 | Vaults:5 | Identified the +7 mace of Instinct {vamp, rCorr Int+4}
 44660 | Vaults:5 | 44660 ||| INVOKING Finesse.
 44663 | Vaults:5 | Noticed a golden dragon
 44667 | Vaults:5 | Reached skill level 6 in Dodging
 44667 | Vaults:5 | HP: 34/164 [hell knight/+5 glaive of draining (15)]
 44668 | Vaults:5 | 44668 ||| READING 8 scrolls of teleportation.
 44669 | Vaults:5 | 44669 ||| DRINKING 7 potions of heal wounds.
 44669 | Vaults:5 | Noticed a dread lich
 44697 | Vaults:5 | 44697 ||| Stepping ~*~*~tactically~*~*~ (hiding).
 44698 | Vaults:5 | 44698 ||| Stepping ~*~*~tactically~*~*~ (hiding).
 44699 | Vaults:5 | 44699 ||| Stepping ~*~*~tactically~*~*~ (hiding).
 44700 | Vaults:5 | 44700 ||| INVOKING Finesse.
 44705 | Vaults:5 | 44705 ||| INVOKING Heroism.
 44712 | Vaults:5 | Killed a dread lich
 44725 | Vaults:5 | Identified the +8 war axe "Vaaduij" {vorpal, rN+ Stlth+}
                  | (Okawaru gifted it to you on level 5 of the Vaults)
 44725 | Vaults:5 | Received a gift from Okawaru
 44729 | Vaults:5 | Killed a golden dragon
 44742 | Vaults:5 | Killed a golden dragon
 44773 | Vaults:5 | 44773 ||| INVOKING Heroism.
 44774 | Vaults:5 | Killed a golden dragon
 44781 | Vaults:5 | Killed a dread lich
 44795 | Vaults:5 | Received a gift from Okawaru
 44840 | Vaults:5 | 44840 ||| INVOKING Finesse.
 44845 | Vaults:5 | Reached skill level 23 in Fighting
 44855 | Vaults:5 | 44855 ||| INVOKING Heroism.
 44859 | Vaults:5 | HP: 41/166 [deep elf high priest/divine providence (15)]
 44860 | Vaults:5 | 44860 ||| READING 7 scrolls of teleportation.
 44869 | Vaults:5 | Received a gift from Okawaru
 44900 | Vaults:5 | 44900 ||| Stepping ~*~*~tactically~*~*~ (hiding).
 45117 | Vaults:5 | Identified the +6 scale mail of Vadie {rPois Slay+5}
 45134 | Vaults:5 | Identified the +0 robe of Understanding {Fly Str+2 SInv}
 45204 | Vaults:5 | Noticed a golden dragon
 45205 | Vaults:5 | 45205 ||| INVOKING Heroism.
 45206 | Vaults:5 | 45206 ||| INVOKING Finesse.
 45217 | Vaults:5 | Killed a golden dragon
 45218 | Vaults:5 | Reached XP level 24. HP: 171/171 MP: 24/30
 45338 | Vaults:5 | Identified the +5 rapier of the Equator {chaos, rPois SInv}
 45360 | Vaults:5 | Got a silver rune of Zot
 45384 | Vaults:5 | 45384 ||| DROPPING +8 war axe "Vaaduij" {vorpal, rN+
                  | Stlth+}.
 45509 | Vaults:5 | 45509 ||| Stepping ~*~*~tactically~*~*~ (hiding).
 45533 | Vaults:5 | Identified the +7 scimitar of Buadimuu {antimagic, Fly}
 45549 | Vaults:5 | Identified the +7 war axe "Jafimp" {antimagic, *Noise Str+8
                  | Int+2}
 45551 | Vaults:5 | 45551 ||| DROPPING +4 broad axe of venom.
 45552 | Vaults:5 | 45552 ||| DROPPING +0 vampiric war axe.
 45737 | Vaults:5 | 45737 ||| PLANNING SHOPPING SPREE
 45737 | Vaults:5 | 45737 ||| DROPPING ring of fire.
 46115 | D:9      | 46115 ||| BUYING pair of embroidered gloves (225 gold).
 46115 | D:9      | Bought a pair of embroidered gloves for 225 gold pieces
 46115 | D:9      | 46115 ||| DROPPING +1 pair of gloves.
 46116 | D:9      | 46116 ||| PLANNING ZOT
 46345 | Zot:1    | Entered Level 1 of the Realm of Zot
 46346 | Zot:1    | 46346 ||| INVOKING Heroism.
 46347 | Zot:1    | 46347 ||| Stepping ~*~*~tactically~*~*~ (hiding).
 46371 | Zot:1    | 46371 ||| Stepping ~*~*~tactically~*~*~ (stealth).
 46372 | Zot:1    | 46372 ||| Stepping ~*~*~tactically~*~*~ (stealth).
 46375 | Zot:1    | 46375 ||| Stepping ~*~*~tactically~*~*~ (hiding).
 46376 | Zot:1    | 46376 ||| Stepping ~*~*~tactically~*~*~ (hiding).
 46447 | Zot:1    | 46447 ||| INVOKING Heroism.
 46644 | Zot:1    | 46644 ||| Stepping ~*~*~tactically~*~*~ (hiding).
 46654 | Zot:1    | Received a gift from Okawaru
 46655 | Zot:1    | 46655 ||| Stepping ~*~*~tactically~*~*~ (stealth).
 46656 | Zot:1    | 46656 ||| Stepping ~*~*~tactically~*~*~ (stealth).
 46659 | Zot:1    | 46659 ||| INVOKING Heroism.
 46677 | Zot:1    | Reached skill level 12 in Throwing
 46783 | Zot:1    | 46783 ||| Stepping ~*~*~tactically~*~*~ (hiding).
 46792 | Zot:1    | 46792 ||| INVOKING Heroism.
 46819 | Zot:1    | 46819 ||| Stepping ~*~*~tactically~*~*~ (hiding).
 46838 | Zot:1    | Identified the -1 kite shield of Okawaru's Regard {-Cast
                  | rC+ Dex+9} (Okawaru gifted it to you on level 1 of the
                  | Realm of Zot)
 46838 | Zot:1    | Received a gift from Okawaru
 46854 | Zot:1    | 46854 ||| INVOKING Heroism.
 46972 | Zot:1    | Found a transporter.
 47058 | Zot:1    | Noticed an orb of fire
 47058 | Zot:1    | Gained mutation: You occasionally shout uncontrollably at
                  | your foes. [an orb of fire]
 47059 | Zot:1    | 47059 ||| DRINKING potion of resistance.
 47060 | Zot:1    | 47060 ||| INVOKING Heroism.
 47060 | Zot:1    | Gained mutation: You are frail. (-10% HP) [an orb of fire]
 47061 | Zot:1    | 47061 ||| INVOKING Finesse.
 47073 | Zot:1    | Gained mutation: You are clumsy. (Dex -2) [an orb of fire]
 47088 | Zot:1    | Killed an orb of fire
 47138 | Zot:1    | 47138 ||| DRINKING 13 potions of mutation.
 47138 | Zot:1    | Lost mutation: You are clumsy. (Dex -2) [potion of
                  | mutation]
 47138 | Zot:1    | Lost mutation: You occasionally shout uncontrollably at
                  | your foes. [potion of mutation]
 47138 | Zot:1    | Lost mutation: You are frail. (-10% HP) [potion of
                  | mutation]
 47138 | Zot:1    | Gained mutation: You are partially covered in large bone
                  | plates. (SH +4) [potion of mutation]
 47138 | Zot:1    | Gained mutation: You are robust. (+10% HP) [potion of
                  | mutation]
 47138 | Zot:1    | Gained mutation: You are clumsy. (Dex -2) [potion of
                  | mutation]
 47138 | Zot:1    | Gained mutation: You are partially covered in iridescent
                  | scales. (AC +2) [potion of mutation]
 47162 | Zot:1    | Found a transporter.
 47171 | Zot:1    | Identified the +5 hand axe "Nesadd" {venom, rElec Str+2
                  | Dex+3 Stlth+}
 47523 | Zot:2    | Found a runed translucent gate.
 47523 | Zot:2    | Found a runed translucent gate.
 47524 | Zot:2    | Found a runed translucent gate.
 47534 | Zot:2    | 47534 ||| INVOKING Heroism.
 47586 | Zot:2    | You are sucked into a shaft and drop 1 floor!
 47587 | Zot:3    | 47587 ||| INVOKING Heroism.
 47628 | Zot:3    | 47628 ||| UPGRADING to amulet of reflection.
 47638 | Zot:3    | 47638 ||| DROPPING amulet of regeneration.
 47642 | Zot:3    | Noticed a curse toe
 47644 | Zot:3    | Noticed an orb of fire
 47645 | Zot:3    | 47645 ||| INVOKING Finesse.
 47647 | Zot:3    | Noticed an orb of fire
 47653 | Zot:3    | 47653 ||| INVOKING Heroism.
 47659 | Zot:3    | Gained mutation: Armour fits poorly on your strangely
                  | shaped body. [an orb of fire]
 47672 | Zot:3    | Gained mutation: You occasionally lose the ability to read
                  | scrolls when taking damage. [an orb of fire]
 47673 | Zot:3    | Lost mutation: You are robust. (+10% HP) [an orb of fire]
 47675 | Zot:3    | Gained mutation: You sometimes lose the ability to read
                  | scrolls when taking damage. [an orb of fire]
 47677 | Zot:3    | Gained mutation: You are dopey. (Int -2) [an orb of fire]
 47679 | Zot:3    | Killed an orb of fire
 47681 | Zot:3    | HP: 30/174 [orb of fire/bolt of fire (36)]
 47682 | Zot:3    | 47682 ||| DRINKING 7 potions of heal wounds.
 47683 | Zot:3    | 47683 ||| DRINKING 6 potions of heal wounds.
 47689 | Zot:3    | HP: 38/174 [??? (8)]
 47690 | Zot:3    | 47690 ||| DRINKING 5 potions of heal wounds.
 47696 | Zot:3    | HP: 22/174 [orb of fire/fireball (28)]
 47697 | Zot:3    | 47697 ||| DRINKING 4 potions of heal wounds.
 47698 | Zot:3    | Killed an orb of fire
 47699 | Zot:3    | Reached skill level 24 in Fighting
 47701 | Zot:3    | Killed a curse toe
 47808 | Zot:3    | 47808 ||| DRINKING 12 potions of mutation.
 47808 | Zot:3    | Lost mutation: You are partially covered in large bone
                  | plates. (SH +4) [potion of mutation]
 47808 | Zot:3    | Lost mutation: You are dopey. (Int -2) [potion of mutation]
 47808 | Zot:3    | Lost mutation: Armour fits poorly on your strangely shaped
                  | body. [potion of mutation]
 47809 | Zot:3    | 47809 ||| DRINKING 11 potions of mutation.
 47809 | Zot:3    | Lost mutation: You are partially covered in iridescent
                  | scales. (AC +2) [potion of mutation]
 47809 | Zot:3    | Lost mutation: You sometimes lose the ability to read
                  | scrolls when taking damage. [potion of mutation]
 47809 | Zot:3    | Lost mutation: You occasionally lose the ability to read
                  | scrolls when taking damage. [potion of mutation]
 47809 | Zot:3    | Gained mutation: Your spells are a little easier to cast,
                  | but a little less powerful. [potion of mutation]
 47809 | Zot:3    | Gained mutation: You have hidden genetic defects. [potion
                  | of mutation]
 47863 | Zot:2    | 47863 ||| INVOKING Heroism.
 47877 | Zot:2    | 47877 ||| Stepping ~*~*~tactically~*~*~ (hiding).
 47878 | Zot:2    | 47878 ||| Stepping ~*~*~tactically~*~*~ (hiding).
 47887 | Zot:2    | 47887 ||| Stepping ~*~*~tactically~*~*~ (hiding).
 47890 | Zot:2    | 47890 ||| Stepping ~*~*~tactically~*~*~ (hiding).
 48011 | Zot:2    | Found Muifujus's CLEARANCE SALE!.
 48019 | Zot:2    | 48019 ||| BUYING potion of heal wounds (40 gold).
 48019 | Zot:2    | Bought a potion of heal wounds for 40 gold pieces
 48596 | Zot:2    | Noticed Muataran's ghost (veteran MiMo)
 48703 | Zot:2    | Found a viscous altar of Jiyva.
 48807 | Zot:3    | 48807 ||| INVOKING Heroism.
 48839 | Zot:3    | 48839 ||| Stepping ~*~*~tactically~*~*~ (stealth).
 48851 | Zot:3    | 48851 ||| INVOKING Heroism.
 48945 | Zot:3    | 48945 ||| INVOKING Heroism.
 48950 | Zot:3    | Noticed a Killer Klown
 48966 | Zot:3    | Received a gift from Okawaru
 48982 | Zot:3    | 48982 ||| INVOKING Finesse.
 48984 | Zot:3    | Killed a Killer Klown
 49138 | Zot:3    | 49138 ||| INVOKING Heroism.
 49143 | Zot:3    | Identified the +7 chain mail "Dufof" {Dex+4 Slay+3}
                  | (Okawaru gifted it to you on level 3 of the Realm of Zot)
 49143 | Zot:3    | Received a gift from Okawaru
 49178 | Zot:3    | Gained mutation: Your body sometimes deteriorates upon
                  | taking damage. [hidden defects]
 49442 | Zot:3    | 49442 ||| INVOKING Heroism.
 49750 | Zot:3    | 49750 ||| DROPPING 23 boomerangs.
 49751 | Zot:3    | 49751 ||| DROPPING 2 boomerangs of dispersal.
 49752 | Zot:3    | 49752 ||| DROPPING 4 silver boomerangs.
 49771 | Zot:4    | Noticed Grunn
 49772 | Zot:4    | 49772 ||| INVOKING Heroism.
 49773 | Zot:4    | 49773 ||| INVOKING Finesse.
 49779 | Zot:4    | Reached XP level 25. HP: 180/180 MP: 23/30
 49788 | Zot:4    | Killed Grunn
 49807 | Zot:4    | Reached skill level 25 in Fighting
 49919 | Zot:4    | 49919 ||| INVOKING Heroism.
 50174 | Zot:4    | 50174 ||| Stepping ~*~*~tactically~*~*~ (hiding).
 50290 | Zot:4    | 50290 ||| INVOKING Heroism.
 50319 | Zot:4    | 50319 ||| Stepping ~*~*~tactically~*~*~ (hiding).
 50335 | Zot:4    | Gained mutation: You are dopey. (Int -2) [hidden defects]
 50335 | Zot:4    | Lost mutation: You have hidden genetic defects. [hidden
                  | defects expressed]
 50973 | Zot:5    | Entered Level 5 of the Realm of Zot
 50987 | Zot:5    | Noticed a Killer Klown
 50988 | Zot:5    | 50988 ||| Stepping ~*~*~tactically~*~*~ (hiding).
 50990 | Zot:5    | 50990 ||| Stepping ~*~*~tactically~*~*~ (hiding).
 50991 | Zot:5    | 50991 ||| INVOKING Heroism.
 50993 | Zot:5    | 50993 ||| INVOKING Finesse.
 51008 | Zot:5    | 51008 ||| Stepping ~*~*~tactically~*~*~ (hiding).
 51016 | Zot:5    | Killed a Killer Klown
 51022 | Zot:5    | 51022 ||| Stepping ~*~*~tactically~*~*~ (hiding).
 51023 | Zot:5    | 51023 ||| Stepping ~*~*~tactically~*~*~ (hiding).
 51050 | Zot:5    | Reached skill level 15 in Throwing
 51116 | Zot:5    | 51116 ||| Stepping ~*~*~tactically~*~*~ (stealth).
 51280 | Zot:5    | 51280 ||| INVOKING Heroism.
 51288 | Zot:5    | Noticed an orb of fire
 51289 | Zot:5    | 51289 ||| INVOKING Finesse.
 51289 | Zot:5    | Noticed a Killer Klown
 51296 | Zot:5    | Noticed an orb of fire
 51299 | Zot:5    | Gained mutation: You are very dopey. (Int -4) [an orb of
                  | fire]
 51318 | Zot:5    | Gained mutation: You occasionally lose the ability to read
                  | scrolls when taking damage. [an orb of fire]
 51324 | Zot:5    | Killed an orb of fire
 51353 | Zot:5    | Killed an orb of fire
 51369 | Zot:5    | 51369 ||| INVOKING Heroism.
 51376 | Zot:5    | Killed a Killer Klown
 51376 | Zot:5    | Received a gift from Okawaru
 51383 | Zot:5    | Noticed a Killer Klown
 51397 | Zot:5    | 51397 ||| INVOKING Finesse.
 51406 | Zot:5    | Reached skill level 26 in Fighting
 51411 | Zot:5    | Noticed a Killer Klown
 51419 | Zot:5    | Killed a Killer Klown
 51436 | Zot:5    | 51436 ||| INVOKING Heroism.
 51463 | Zot:5    | 51463 ||| INVOKING Heroism.
 51467 | Zot:5    | Killed a Killer Klown
 51503 | Zot:5    | 51503 ||| DRINKING 10 potions of mutation.
 51503 | Zot:5    | Lost mutation: You occasionally lose the ability to read
                  | scrolls when taking damage. [potion of mutation]
 51503 | Zot:5    | Lost mutation: Your body sometimes deteriorates upon taking
                  | damage. [potion of mutation]
 51503 | Zot:5    | Lost mutation: You are very dopey. (Int -4) [potion of
                  | mutation]
 51518 | Zot:5    | 51518 ||| Stepping ~*~*~tactically~*~*~ (stealth).
 51616 | Zot:5    | 51616 ||| Stepping ~*~*~tactically~*~*~ (stealth).
 51652 | Zot:5    | Received a gift from Okawaru
 51708 | Zot:5    | 51708 ||| INVOKING Heroism.
 51723 | Zot:5    | Noticed an ancient lich
 51724 | Zot:5    | 51724 ||| INVOKING Finesse.
 51724 | Zot:5    | Gained mutation: Your flesh is heat resistant. (rF+)
                  | [mutagenic glow]
 51726 | Zot:5    | Noticed an orb of fire
 51736 | Zot:5    | Noticed a Killer Klown
 51738 | Zot:5    | Noticed a Killer Klown
 51738 | Zot:5    | Gained mutation: You sometimes lose your temper in combat.
                  | [an orb of fire]
 51741 | Zot:5    | Killed an ancient lich
 51741 | Zot:5    | Noticed an ancient lich
 51747 | Zot:5    | a Killer Klown changed into a fenstrider witch
 51752 | Zot:5    | Lost mutation: You are clumsy. (Dex -2) [an orb of fire]
 51752 | Zot:5    | HP: 29/187 [ancient lich/bolt of acid (42)]
 51753 | Zot:5    | 51753 ||| READING 7 scrolls of teleportation.
 51754 | Zot:5    | 51754 ||| DRINKING 4 potions of heal wounds.
 51754 | Zot:5    | Noticed an ancient lich
 51755 | Zot:5    | 51755 ||| DRINKING 3 potions of heal wounds.
 51755 | Zot:5    | Killed from afar by an ancient lich

Levels and vault maps discovered:
D:1:      spicycebolla_green_bress_n_ham, layout_basic,
          ebering_ecumenical_altar_sacrificial
D:2:      layout_basic, basic_altar
D:3:      layout_loops_ring, mainiacjoe_overflow_brackets
D:4:      layout_cave_pools, minmay_temple_entry_crystal_x
D:5:      layout_basic, worldfamousw_hep_ancestral_shrine, vehumet_crystals,
          nicolae_wu_jian_wuxing_cycle
D:6:      layout_loops_corners, fedhas_bush_and_centaur_altar,
          nicolae_uskayaw_dance_hall, serial_demonic, serial_demonic_b,
          serial_demonic_c, serial_demonic_e, serial_demonic_b,
          gammafunk_ghost_nasty_kobolds, st_stairs_8, uniq_duvessa
D:7:      layout_cave_pods, okawaru_ov_weapons_minmay
D:8:      layout_rooms, lemuel_tele_altar, serial_shops,
          nicolae_inconvenience_store, shop, nicolae_ossuary_entry_monument,
          special_room [special_room_orc]
D:9:      layout_rooms, special_room [special_room_orc], serial_shops,
          nicolae_lakefront_shop, chequers_serial_rivers_small_a
D:10:     layout_basic, orc_0_dummy, dreamdust_wishing_well
D:11:     layout_roguey, minmay_lair_entry_grove, kennysheep_slug_shrine
D:12:     layout_long_grid, uniq_azrael
D:13:     layout_rooms, david_vaults_5
D:14:     layout_irregular_city, nicolae_qazlal_general_emergency
D:15:     hangedman_spin_cycle
Temple:   eino_temple_lava
Lair:1:   layout_chaotic_city, infiniplex_staircase_pool, uniq_urug
Lair:2:   layout_layer_cave, minmay_swamp_entry_worms, ebering_ghost_xom,
          nicolae_lair_liquid_snakes, grunt_megastairs_4
Lair:3:   layout_regular_city, hellmonk_spider_entry_life_and_decay,
          chequers_serial_rivers_micro_b
Lair:4:   layout_roguey, serial_bayou_pond_d, pond, serial_bayou_shore_b
Lair:5:   gammafunk_lair_ancient_temple, layout_cave_shapes, slime_entry_2,
          nicolae_lair_time_for_slime
Swamp:1:  layout_falls_marsh, nicolae_swamp_some_circles, uniq_louise,
          uniq_mlioglotl
Swamp:2:  layout_basic_swamp, evilmike_swamp_ruin_house_4,
          hangedman_swamp_blocks
Swamp:3:  layout_basic_swamp, evilmike_swamp_ruin_rubble_1, swamp_pool4,
          cheibrodos_swamp_witchery, infiniplex_staircase_pool_2, uniq_nikola
Swamp:4:  swamp_fiery, layout_basic_swamp, swamp_pool1,
          nicolae_swamp_necromancer_hut
Spider:1: layout_chambers, uniq_josephine, uniq_roxanne
Spider:2: layout_spider_delve, uniq_donald
Spider:3: layout_spider_delve, uniq_jorgrun
Spider:4: spider_rune_water
Orc:1:    layout_caves
Orc:2:    st_orc_rangers, layout_diamond_mine, serial_shops,
          nicolae_diamond_shop, basic_altar, minmay_shop_mass
Vaults:1: v_misc_10, v_misc_18, v_rooms_5, hangedman_vaults_stretched_pinwheel,
          v_misc_4, v_misc_8, grunt_vaults_twisty, v_pattern_4,
          nicolae_vaults_branching_niches, vaults_dpeg_hooks,
          layout_vaults_omnicross, uniq_asterion
Vaults:2: hangedman_vaults_stitches, hangedman_vaults_capsules,
          ontoclasm_vaults_gallery, v_alt_pattern_1, ontoclasm_vaults_eye,
          v_misc_26, v_misc_13, vaults_room_corners, hangedman_vaults_hat,
          vaults_dpeg_doors, minmay_crypt_entry_skeletal_spiral,
          nicolae_vaults_little_squares_4, ontoclasm_vaults_decontamination,
          layout_vaults_ring
Vaults:3: v_misc_24, nicolae_vaults_twisting_passages,
          nicolae_vaults_shelves_hall, ontoclasm_vaults_gateway,
          ontoclasm_vaults_hangar, nicolae_vaults_ring_of_whatevers,
          vaults_room_fours, grunt_vaults_diagonal, vaults_room_pool,
          layout_vaults_omnigrid, uniq_bai_suzhen
Vaults:4: v_alt_pattern_4, st_smaller_cells, hangedman_vaults_trim, v_misc_18,
          dpeg_vaults_monster_row, nicolae_vaults_yaktaur_gun_rack, v_pattern_1,
          vaults_room_hallway, hangedman_vaults_stretched_pinwheel,
          nicolae_vaults_little_squares_6, layout_vaults_big_room
Vaults:5: serial_shops
Depths:1: layout_forbidden_donut, pf_vacation_house_of_asmodeus,
          onia_ninara_cookie, grunt_megastairs_2, serial_bayou_shore_b,
          serial_bayou_shore_b, minmay_shoptagon
Depths:2: minmay_four_inscribed_fans, layout_honeycomb, enter_ziggurat_b,
          pf_hell_entry_tar_spiral, pan_entry, hangedman_decor_peaks_small,
          st_stairs_10
Depths:3: lightli_eight_chambers, layout_cave_pools, pan_entry,
          kennysheep_cluttered_room, abyss_entry_crystal, pf_coc_iceberg,
          minmay_fractal_squares_diagonal_5
Depths:4: grunt_zot_entry_tricorne, layout_gridlike, minmay_misc_feat_hallway,
          pan_entry, hell_entry
Zot:1:    gammafunk_its_a_trap, layout_onion_interference, st_stairs_7,
          st_small_dragon_hoard_1
Zot:2:    layout_gridlike, gammafunk_ghost_ooze, hangedman_zot_decor_tridents,
          nicolae_shop_clearance
Zot:3:    kennysheep_oblong_rooms, layout_misc_corridors
Zot:4:    layout_cathedral_of_symmetry, uniq_grunn
Zot:5:    layout_cathedral_of_symmetry

Skill      XL: |  1  2  3  4  5  6  7  8  9 10 11 12 13 14 15 16 17 18 19 20 21 22 23 24 25 |
---------------+----------------------------------------------------------------------------+-----
Axes           | 2 3 4 5 6 8 9 10 11 12 14 15 17 | 17.0
Shields        | 4 5 6 7 8 9 10 11 12 13 16 18 19 20 21 22 | 22.0
Fighting       | 4 5 7 8 9 10 12 13 14 15 17 19 20 23 24 26 | 26.6
Dodging        | 1 2 3 4 5 6 |  6.0
Armour         | 5 6 8 9 10 11 12 13 14 16 17 19 22 | 22.0
Throwing       | 1 2 3 4 5 7 9 10 11 14 15 | 15.0
Invocations    | 4 9 10 | 10.3

Action                   |  1- 3 |  4- 6 |  7- 9 | 10-12 | 13-15 | 16-18 | 19-21 | 22-24 | 25-27 || total
-------------------------+-------+-------+-------+-------+-------+-------+-------+-------+-------++-------
Melee: War axe           |   113 |   177 |   391 |    49 |       |  1092 |  1528 |  1468 |   461 ||  5279
       Broad axe         |       |       |       |   681 |   880 |   342 |       |       |       ||  1903
       Flail             |       |       |       |     8 |    43 |     7 |       |       |       ||    58
Throw: Boomerang         |       |       |       |    49 |    26 |     2 |       |     1 |       ||    78
       Javelin           |       |       |       |    37 |   117 |   145 |    97 |    97 |    54 ||   547
Invok: Heroism           |       |       |       |    38 |    42 |    56 |    40 |    44 |     8 ||   228
       Finesse           |       |       |       |       |    19 |    15 |     6 |    24 |     4 ||    68
  Use: Scroll            |     5 |     7 |     3 |    10 |    13 |     9 |     3 |     6 |     1 ||    57
       Potion            |     1 |     1 |     5 |     1 |       |     7 |       |    12 |     3 ||    30
 Stab: Petrified         |       |       |       |     2 |       |       |       |       |       ||     2
Armor: Scale mail        |    69 |   106 |   160 |       |       |       |       |       |       ||   335
       Swamp dragon scal |       |       |    35 |       |       |       |       |       |       ||    35
       Chain mail        |       |       |    19 |    44 |       |       |       |       |       ||    63
       Plate armour      |       |       |       |   399 |   449 |   628 |   595 |       |       ||  2071
       Crystal plate arm |       |       |       |       |       |       |    15 |   725 |   111 ||   851
Dodge: Dodged            |    56 |    62 |   184 |   311 |   340 |   530 |   528 |   509 |    72 ||  2592
       Repelled          |       |       |       |     6 |     5 |     2 |       |       |       ||    13
Block: Buckler           |    13 |       |       |       |       |       |       |       |       ||    13
       Kite shield       |    14 |   102 |   235 |   459 |   492 |    80 |       |       |       ||  1382
       Tower shield      |       |       |       |       |       |  1291 |  1346 |  1355 |   340 ||  4332
       Reflection        |       |       |       |       |       |       |       |     4 |     9 ||    13

Table legend:
 A = Non-vault XP
 B = Vault XP
 C = Vault XP percentage of total XP
 D = Non-vault monster count
 E = Vault monster count
 F = Vault count percentage of total count
                 A         B        C        D         E       F
            +---------+---------+-------+---------+---------+-------
      Total |  568496 |  510114 |  47.3 |    1218 |     685 |  36.0
            +---------+---------+-------+---------+---------+-------
        D:1 |      46 |       0 |   0.0 |      26 |       0 |   0.0
        D:2 |      63 |       0 |   0.0 |      17 |       0 |   0.0
        D:3 |      64 |       0 |   0.0 |      16 |       0 |   0.0
        D:4 |     151 |       0 |   0.0 |      12 |       0 |   0.0
        D:5 |     962 |       0 |   0.0 |      21 |       0 |   0.0
        D:6 |     705 |     449 |  38.9 |      30 |      11 |  26.8
        D:7 |    1556 |       0 |   0.0 |      26 |       0 |   0.0
        D:8 |    2283 |     376 |  14.1 |      26 |      24 |  48.0
        D:9 |    2505 |     478 |  16.0 |      36 |      20 |  35.7
       D:10 |    2568 |       0 |   0.0 |      18 |       0 |   0.0
       D:11 |    4961 |    2037 |  29.1 |      21 |      13 |  38.2
       D:12 |    5709 |    1622 |  22.1 |      19 |       5 |  20.8
       D:13 |    7019 |     870 |  11.0 |      17 |       1 |   5.6
       D:14 |    9211 |       0 |   0.0 |      15 |       0 |   0.0
       D:15 |       0 |   38900 | 100.0 |       0 |      62 | 100.0
     Lair:1 |    5295 |     794 |  13.0 |      19 |       1 |   5.0
     Lair:2 |    3000 |    2605 |  46.5 |      16 |      16 |  50.0
     Lair:3 |    5377 |     652 |  10.8 |      25 |       3 |  10.7
     Lair:4 |    8377 |    2087 |  19.9 |      29 |       8 |  21.6
     Lair:5 |   13497 |    9666 |  41.7 |      40 |      27 |  40.3
    Swamp:1 |    6423 |    3040 |  32.1 |      15 |       2 |  11.8
    Swamp:2 |   13966 |       0 |   0.0 |      28 |       0 |   0.0
    Swamp:3 |   16575 |    3517 |  17.5 |      30 |       2 |   6.2
    Swamp:4 |    9109 |   16051 |  63.8 |      18 |      31 |  63.3
   Spider:1 |   22149 |    2975 |  11.8 |      67 |       5 |   6.9
   Spider:2 |   25577 |    1312 |   4.9 |      61 |       1 |   1.6
   Spider:3 |   18342 |    1858 |   9.2 |      43 |       1 |   2.3
   Spider:4 |   10914 |   22017 |  66.9 |      28 |      42 |  60.0
      Orc:1 |    5627 |     347 |   5.8 |      49 |       3 |   5.8
      Orc:2 |    1487 |    4804 |  76.4 |      27 |      39 |  59.1
   Vaults:1 |   27114 |   43393 |  61.5 |      49 |      58 |  54.2
   Vaults:2 |   14020 |   41709 |  74.8 |      23 |      64 |  73.6
   Vaults:3 |   20243 |    6757 |  25.0 |      27 |       7 |  20.6
   Vaults:4 |   29305 |   45031 |  60.6 |      41 |      55 |  57.3
   Vaults:5 |   13359 |   91721 |  87.3 |      21 |      71 |  77.2
   Depths:1 |   22793 |   20507 |  47.4 |      26 |      24 |  48.0
   Depths:2 |    5120 |   38527 |  88.3 |       8 |      26 |  76.5
   Depths:3 |   37019 |    4480 |  10.8 |      44 |       6 |  12.0
   Depths:4 |   22128 |   16494 |  42.7 |      28 |      15 |  34.9
      Zot:1 |   38725 |    9210 |  19.2 |      31 |       5 |  13.9
      Zot:2 |   10619 |       0 |   0.0 |       9 |       0 |   0.0
      Zot:3 |   59758 |    9617 |  13.9 |      47 |       7 |  13.0
      Zot:4 |   24368 |    7992 |  24.7 |      23 |       4 |  14.8
      Zot:5 |   25928 |   58219 |  69.2 |      19 |      26 |  57.8
    Abyss:3 |   14479 |       0 |   0.0 |      27 |       0 |   0.0
            +---------+---------+-------+---------+---------+-------
